 Dungeon Crawl Stone Soup version 0.30.0-29-ga12c61a403 (webtiles) character file.

Game seed: 12536905509209466171

638726 qw the Impregnable (level 27, -5/198 HPs)
             Began as a Gargoyle Fighter on June 5, 2023.
             Was the Champion of the Shining One.
             Killed by divine providence
             ... invoked by a royal mummy
              (13 damage)
             ... on level 3 of the Tomb of the Ancients.
             The game lasted 00:47:50 (69385 turns).

qw the Impregnable (Gargoyle Fighter)              Turns: 69385, Time: 00:47:51

Health: -5/198     AC: 74    Str: 31    XL:     27
Magic:  1/36       EV: 14    Int:  8    God:    the Shining One [******]
Gold:   4593       SH: 24    Dex: 15    Spells: 26/26 levels left

rFire   + + +        n - +9 broad axe (holy)
rCold   + . .        q - +0 tower shield
rNeg    + + +        s - +6 crystal plate armour
rPois   inf          m - +1 hat
rElec   +            K - +1 cloak of the Desolation of Salt {+Blink Dex+3}
rCorr   .            G - +1 pair of gloves {Dex+3}
SInv    .            A - +3 pair of seven-league boots {Rampage+∞}
Will    +++..        y - amulet of faith Stlth
                     w - ring of the Octopus King {Wiz HP+2 AC+2 EV+2 SH+2}
HPRegen 0.53/turn    k - ring "Tydghiv" {rF+++ rC+ rN+ Will+ Stlth-}
MPRegen 0.25/turn

%: rampage+inf, faith, wizardry (x1)
@: about to teleport, flying, slowed, glowing, very slow
A: sickness immunity, AC +20, big wings, negative energy resistance 1,
electricity resistance, torment resistance 1, petrification resistance, antennae
1, iridescent scales 1, dopey 1, mutation resistance 1, weak 1, MP-powered wands
}: 4/15 runes: decaying, serpentine, slimy, silver
a: Renounce Religion, Evoke Blink, Divine Shield, Cleansing Flame, Summon Divine
Warrior


You were on level 3 of the Tomb of the Ancients.
You worshipped the Shining One.
The Shining One was exalted by your worship.
You visited 12 branches of the dungeon, and saw 55 of its levels.
You also visited: Gauntlet.

You collected 9348 gold pieces.
You spent 4755 gold pieces at shops.


Innate Abilities, Weirdness & Mutations

You are immune to sickness and miasma.
Your stone body is resilient. (AC +20)
You are immune to poison.
Your large and strong wings let you fly.
You resist negative energy. (rN+)
You are resistant to electric shocks. (rElec)
You are resistant to unholy torment.
You are immune to petrification.
You have a pair of small antennae on your head.
You are partially covered in iridescent scales. (AC +2)
You are dopey. (Int -2)
You are somewhat resistant to further mutation.
You are weak. (Str -2)
You expend magic power (3 MP) to strengthen your wands.


   Skills:
 + Level 26.2 Fighting
 - Level 18.0 Axes
 - Level 15.0 Throwing
 + Level 26.8 Armour
 - Level 9.5 Dodging
 - Level 22.0 Shields
 - Level 18.0 Invocations


You had 26 spell levels left.
You didn't know any spells.
Your spell library was empty.

Inventory:

Hand Weapons
 n - a +9 broad axe of holy wrath (weapon)
 u - the +9 broad axe "Qaehimmuth" {freeze, rC+ Will+ Int+3 Dex-3}
   (Okawaru gifted it to you on level 1 of the Vaults)

   Int:       It affects your intelligence (+3).
   Dex:       It affects your dexterity (-3).
   rC:        It protects you from cold.
   Will:      It increases your willpower.
Missiles
 j - 36 boomerangs
 v - 6 javelins (quivered)
 J - 2 silver boomerangs
 N - 3 boomerangs of dispersal
Armour
 m - a +1 hat (worn)
 q - a +0 tower shield (worn)
 s - a +6 crystal plate armour (worn)
 A - the +3 pair of seven-league boots (worn) {Rampage+∞}
   (You acquired it on level 2 of the Tomb of the Ancients)

   Rampage+∞: When moving toward enemies, its wearer moves as far as possible,
   alerting their target en route.
 G - a +1 pair of gloves of dexterity (worn)
 I - +0 gold dragon scales
 K - the +1 cloak of the Desolation of Salt (worn) {+Blink Dex+3}
   (You acquired it on level 1 of the Realm of Zot)

   Dex:       It affects your dexterity (+3).
   +Blink:    It lets you blink.
 O - the +3 plate armour "Gaupod" {rC++ Slay+3}
   (You found it on level 5 of the Vaults)

   Slay:      It affects your accuracy & damage with ranged weapons and melee
   (+3).
   rC:        It greatly protects you from cold.
Jewellery
 c - the ring "Lisienon" {Ice Str+2 Dex+4}
   (You took it off Josephina on level 1 of the Crypt)

   [ring of ice]

   It enhances your ice magic.
   Str:       It affects your strength (+2).
   Dex:       It affects your dexterity (+4).
   rF:        It makes you vulnerable to fire.
   rC:        It protects you from cold.
 k - the ring "Tydghiv" (right hand) {rF+++ rC+ rN+ Will+ Stlth-}
   (You took it off a vampire on level 3 of the Crypt)

   [ring of positive energy]

   rF:        It renders you almost immune to fire.
   rC:        It protects you from cold.
   rN:        It protects you from negative energy.
   Will:      It increases your willpower.
   Stlth:     It makes you less stealthy.
 w - a ring of the Octopus King (left hand) {Wiz HP+2 AC+2 EV+2 SH+2}
   (You found it on level 3 of the Crypt)

   [ring of wizardry]

   It improves your spell success rate.
   AC:        It affects your AC (+2).
   EV:        It affects your evasion (+2).
   HP:        It affects your health (+2).
   SH:        It affects your SH (+2).
 y - an amulet of faith (around neck)
 L - the ring "Rymic" {Wiz rC+ Will+}
   (You bought it in a shop on level 2 of the Orcish Mines)

   [ring of wizardry]

   It improves your spell success rate.
   rC:        It protects you from cold.
   Will:      It increases your willpower.
 M - a ring of protection from fire
 P - the ring "Ciedug" {Ice Str+3 Dex+4}
   (You took it off an ironbound preserver on level 5 of the Vaults)

   [ring of ice]

   It enhances your ice magic.
   Str:       It affects your strength (+3).
   Dex:       It affects your dexterity (+4).
   rF:        It makes you vulnerable to fire.
   rC:        It protects you from cold.
 R - the amulet of Vitality {RegenMP++ Regen++}
   (You bought it in a shop on level 4 of the Snake Pit)

   [amulet of magic regeneration]

   It increases your rate of magic regeneration.
   Regen:     It increases your rate of health regeneration.
   The Shining One disapproves of the use of such an item.
 Y - a +5 ring of evasion
Wands
 D - a wand of digging (23)
Scrolls
 f - 18 scrolls of identify
 p - 2 scrolls of enchant weapon
 r - 9 scrolls of teleportation
Potions
 a - 18 potions of lignification
 b - 26 potions of curing
 d - 9 potions of might
 e - 7 potions of haste
 g - 6 potions of cancellation
 l - 11 potions of attraction
 o - a potion of resistance
 t - 3 potions of magic
 z - 8 potions of mutation

Dungeon Overview and Level Annotations

Branches:
Dungeon (15/15)            Temple (1/1) D:4            Lair (5/5) D:9
  Swamp (4/4) Lair:3        Snake (4/4) Lair:3        Slime (5/5) Lair:5
    Orc (2/2) D:10            Elf (0/3) Orc:2        Vaults (5/5) D:14
  Crypt (3/3) Vaults:3       Tomb (3/3) Crypt:3      Depths (4/4) D:15
    Zot (4/5) Depths:4    Gauntlet (visited)

Altars:
Ashenzari
Cheibriados
Dithmenos
Elyvilon
Fedhas
Gozag
Hepliaklqana
Kikubaaqudgha
Makhleb
Nemelex Xobeh
Okawaru
Qazlal
Ru
Sif Muna
Trog
Uskayaw
Vehumet
Wu Jian
Xom
Yredelemnul
Zin
The Shining One
Jiyva

Shops:
D:2 ?   D:11 *   Orc:2 **=*   Snake:4 =   Depths:1 :   Depths:3 (

Portals:
Hell: Depths:1 Depths:2 Depths:3 Depths:4
Abyss: Depths:2 Depths:3 Depths:4
Pandemonium: Depths:1 Depths:2 Depths:3
Ziggurat: Depths:1
Trove: D:14 (give +2 storm dragon scales)

Annotations:
D:3 1 runed translucent door, Crazy Yiuf
D:6 2 transporters, qw's ghost, novice GrFi
D:9 1 transporter
D:11 2 transporters, qw's ghost, journeyman GrFi
Lair:1 3 runed translucent doors, qw's ghost, novice GrFi
Snake:3 1 runed translucent door, Liforeniyw's ghost, adept MiBe
Snake:4 Vashnia
Orc:2 3 runed translucent doors, qw's ghost, adept GrFi
Crypt:2 1 runed translucent door
Depths:3 2 transporters


Message History

Something smites you!
69384 ||| INVOKING Cleansing Flame.
The golden flame engulfs you but does no damage.
The golden flame engulfs the emperor scorpion!!!
The emperor scorpion is moderately wounded.
The golden flame engulfs the death scarab!!!
The death scarab writhes in agony!
You destroy the death scarab!
The death scarab's corpse disappears in a puff of smoke!
The golden flame engulfs the emperor scorpion!!
The emperor scorpion is heavily wounded.
The golden flame engulfs the emperor scorpion!!
The emperor scorpion is moderately wounded.
The golden flame engulfs the death scarab!!!
The death scarab writhes in agony!
You destroy the death scarab!
The death scarab's corpse disappears in a puff of smoke!
The golden flame engulfs the royal mummy!!
The royal mummy writhes in agony!
The royal mummy is lightly damaged.
The golden flame engulfs the emperor scorpion!!
The emperor scorpion is moderately wounded.
The golden flame engulfs the royal mummy!!
The royal mummy writhes in agony!
The royal mummy is lightly damaged.
Your surroundings seem slightly different.
You block the death scarab's attack.
A mummy comes into view.
The royal mummy calls on the powers of darkness!
The emperor scorpion convulses! x4; Your body is wracked with pain!
The emperor scorpion convulses!
A mummy priest comes into view.
The emperor scorpion stings you.
The emperor scorpion claws you but does no damage. x2
69385 ||| READING 10 scrolls of teleportation.
As you read the scroll of teleportation, it crumbles to dust.
You feel strangely unstable.
The royal mummy gestures at you while chanting.
Something smites you!
You die...

........##........= ...
#..M.M.##...^..^..^ . ..
#..)..M##........$$
.....#^...^.#......M.$zA
.....#).).M[#..?....$$BM
.....').[.Ms'z..z.^.)$¤B
../..#.Mz...#..^...$$V|)
^.. #.sMBM.#.......)Z)/
| #.@ss¤.##.../.$Z:|:
#..s¤..##...^$$=M=#
#......###....$[)##
#......# #.^.?/#
######## ######


You could see 2 royal mummies, 5 emperor scorpions, an ancient champion, a mummy
priest, a skeletal warrior, 2 guardian mummies, a death scarab (summoned) and 3
mummies.

Vanquished Creatures
  the Royal Jelly (Slime:5)
  2 dread liches (Vaults:5)
  An ancient lich (Vaults:5)
  Khufu (Crypt:3)
  Mara (Snake:4)
  4 juggernauts (Depths:3)
  19 royal mummies
  Frederick (Vaults:3)
  Sojobo (Depths:4)
  A caustic shrike (Depths:3)
  Margery (Vaults:3)
  Saint Roka (Vaults:4)
  Xtahua (Depths:4)
  7 golden dragons
  Nikola (Vaults:3)
  Jory (Crypt:3)
  A bone dragon (Depths:4)
  2 electric golems
  9 tentacled monstrosities
  Rupert (Lair:4)
  9 liches
  8 deep elf master archers
  15 acid blobs
  8 quicksilver dragons
  14 titans
  A walking earthen tome (Depths:2)
  7 deep elf blademasters
  A walking frostbound tome (Depths:4)
  8 ancient champions
  10 sphinxes
  4 death cobs
  12 storm dragons
  A thorn hunter (Swamp:1)
  6 rockslimes
  5 tengu reavers
  Kirke (Snake:1)
  6 revenants
  11 shadow dragons
  2 nagarajas (Snake:3)
  Agnes (Snake:4)
  2 fenstrider witches
  8 draconian monks
  Donald (Snake:1)
  9 draconian knights
  19 frost giants
  7 azure jellies
  2 iron dragons
  2 draconian scorchers
  2 ghost moths
  23 fire giants
  A frost giant (shapeshifter) (Vaults:5)
  15 vault wardens
  3 draconian shifters
  3 draconian stormcallers
  A juggernaut zombie (Depths:1)
  3 curse skulls
  A spriggan defender (Depths:2)
  23 ironbound preservers
  33 very ugly things
  8 quicksilver oozes
  34 stone giants
  5 ghouls
  13 ironbound thunderhulks
  A caustic shrike skeleton (Tomb:1)
  A deep elf demonologist (Vaults:1)
  2 reapers
  9 vampire knights
  4 draconian annihilators
  2 deep elf annihilators
  An eleionoma (Swamp:2)
  17 green draconians
  13 red draconians
  7 dire elephants
  6 bennus (Tomb:3)
  14 black draconians
  11 white draconians
  4 war gargoyles
  18 purple draconians
  3 bunyips
  16 yellow draconians
  A minotaur (Gauntlet)
  12 mummy priests
  5 spark wasps
  A merfolk impaler (Depths:1)
  15 ettins
  A shambling mangrove (Swamp:4)
  2 crystal guardians
  7 jiangshi
  4 deep elf death magi
  4 deep elf high priests
  A spriggan zombie (Crypt:3)
  3 eidola
  16 yaktaur captains
  10 fire dragons
  3 peacekeepers
  32 vault guards
  Erolcha (Orc:1)
  15 hydras
  4 ogre magi
  2 rakshasas
  19 ice dragons
  8 great orbs of eyes
  2 spriggan air magi
  11 ironbound frosthearts
  4 anacondas
  A spriggan skeleton (Depths:1)
  3 salamander tyrants
  6 boulder beetles
  4 death yaks
  2 ghost crabs
  6 death knights
  12 centaur warriors
  9 deep troll shamans
  8 two-headed ogres
  5 alligators
  5 tengu warriors
  A fenstrider witch skeleton (Tomb:1)
  12 deep troll earth magi
  35 death scarabs
  10 naga warriors
  3 storm dragon zombies
  11 vampire magi
  4 orc high priests (Orc:2)
  4 spriggan berserkers (Depths:4)
  A bennu skeleton (Crypt:1)
  13 naga sharpshooters
  Sonja (Lair:4)
  6 shock serpents
  A skyshark (Lair:2)
  9 hell knights
  3 soul eaters
  9 deep elf knights
  38 skeletal warriors
  16 iron trolls
  7 shadow wraiths
  A fire crab (D:15)
  6 salamander mystics
  An iron troll (shapeshifter) (Vaults:1)
  A shadow demon (Zot:3)
  6 flayed ghosts
  An anaconda zombie (Crypt:3)
  5 goliath frogs
  A spectral anaconda (Lair:5)
  14 swamp dragons
  5 naga ritualists
  A glowing orange brain (Depths:4)
  A spriggan druid (Swamp:1)
  A death drake (Depths:3)
  7 wizards
  Pikel (D:8)
  An orange crystal statue (Gauntlet)
  69 deep trolls
  4 bog bodies
  9 lindwurms
  2 tengu zombies
  An anaconda skeleton (Crypt:2)
  15 ironbound convokers
  An iron giant skeleton (Tomb:2)
  10 deep elf archers
  A shadow dragon zombie (Depths:1)
  8 orc knights
  An obsidian statue (Lair:5)
  12 phantasmal warriors
  10 deep elf pyromancers
  11 orc sorcerers
  An oklob plant (Lair:1)
  4 deep elf zephyrmancers
  7 harpies
  3 shining eyes
  12 mana vipers
  38 ugly things
  15 necromancers
  2 stone giant zombies
  2 cyclopes (D:14)
  5 will-o-the-wisps
  8 large abominations (Depths:4)
  17 moths of wrath
  20 salamanders
  A jorogumo skeleton (Crypt:2)
  A moth of wrath (shapeshifter) (Vaults:4)
  A frost giant skeleton (Vaults:3)
  5 manticores
  6 guardian serpents
  3 eyes of devastation
  A black mamba (shapeshifter) (D:13)
  Maurice (Orc:1)
  4 stone giant skeletons
  A naga zombie (Tomb:1)
  40 black mambas
  16 vault sentinels
  17 elephants
  2 dire elephant zombies (Lair:5)
  11 naga magi
  2 rime drakes
  A rust devil (Gauntlet)
  3 alligator snapping turtle zombies
  11 cane toads
  A black draconian zombie (Crypt:3)
  2 dire elephant skeletons
  A yellow draconian zombie (Crypt:2)
  9 komodo dragons
  7 freezing wraiths
  20 yaktaurs
  2 tengu conjurers
  A kobold demonologist (D:11)
  33 guardian mummies
  A death yak skeleton (Crypt:1)
  A minotaur skeleton (Crypt:2)
  6 trolls
  2 harpy zombies
  A hydra zombie (Crypt:2)
  2 yaktaur skeletons
  A meliai (shapeshifter) (Vaults:5)
  A queen bee (Lair:2)
  21 hornets
  An ettin zombie (Vaults:1)
  2 polar bears
  29 blink frogs
  11 tyrant leeches
  A sphinx simulacrum (Vaults:4)
  A fire dragon zombie (Tomb:2)
  3 spectral elephants (Lair:5)
  A dream sheep (shapeshifter) (Vaults:5)
  A human simulacrum (Crypt:1)
  A ynoxinul (Gauntlet)
  4 small abominations (Depths:4)
  2 ettin skeletons
  A centaur simulacrum (D:15)
  83 slime creatures
  13 flying skulls (Tomb:2)
  5 wyverns
  25 yaks
  2 naga simulacra
  6 wraiths
  18 vampires
  20 spriggans
  31 ushabtiu
  A human (D:10)
  6 water elementals
  A fire bat (shapeshifter) (D:15)
  A human (shapeshifter) (Orc:2)
  4 basilisks
  10 hogs
  A golden eye (shapeshifter) (D:15)
  7 steam dragons
  11 vampire mosquitoes
  A warg (shapeshifter) (D:13)
  A death yak simulacrum (Lair:5)
  A swamp worm (shapeshifter) (Vaults:5)
  3 chaos spawn (Depths:4)
  2 harpy simulacra
  2 acid dragons
  An elf skeleton (Vaults:3)
  4 wargs
  A glowing shapeshifter zombie (Vaults:1)
  32 nagas
  15 swamp worms
  13 water moccasins
  9 human skeletons
  An entropy weaver zombie (Crypt:1)
  A floating eye (Depths:2)
  27 orc warriors
  6 swamp drakes (Swamp:4)
  A sky beast (D:8)
  2 black bears
  A naga skeleton (Crypt:1)
  2 elephant zombies (Lair:5)
  3 ice beasts
  15 wolves
  7 ogres
  A swamp dragon skeleton (Crypt:1)
  8 centaurs
  A torpor snail zombie (Crypt:2)
  A lindwurm skeleton (Crypt:2)
  2 elephant skeletons (Lair:5)
  A snapping turtle skeleton (Crypt:2)
  2 lemures (D:8)
  5 kobold brigands
  A yaktaur zombie (Crypt:1)
  12 bullfrogs
  5 gnoll sergeants
  3 scorpions
  A wyvern zombie (Crypt:3)
  2 necrophages
  23 wights
  A raiju zombie (Crypt:2)
  26 killer bees
  5 electric eels (D:9)
  5 hounds
  A human zombie (Crypt:3)
  23 orc priests
  4 iron imps (Gauntlet)
  4 jellies
  2 sleepcaps
  Jessica (D:3)
  5 iguanas
  Terence (D:3)
  24 orc wizards
  A basilisk skeleton (Crypt:1)
  A black bear skeleton (Crypt:3)
  A statue (D:7)
  A deep dwarf zombie (Crypt:3)
  A boggart simulacrum (D:15)
  33 mummies
  23 gnolls
  13 adders
  2 river rats (D:5)
  4 worms
  2 dart slugs
  68 orcs
  7 endoplasms
  2 giant cockroaches
  9 goblins
  10 hobgoblins
  3 jackals (D:1)
  7 quokkas
  8 ball pythons
  3 bats
  A dart slug zombie (Crypt:2)
  A frilled lizard (D:2)
  A jackal skeleton (Crypt:1)
  21 kobolds
  An orc skeleton (Crypt:3)
  7 rats
  A river rat skeleton (Crypt:1)
  A fire vortex (Swamp:4)
2399 creatures vanquished.

Vanquished Creatures (collateral kills)
  12 royal mummies
  Josephina (Crypt:1)
  A shard shrike zombie (Crypt:3)
  2 deep elf master archers
  A titan (Tomb:1)
  A deep elf blademaster (Tomb:1)
  A frost giant (Crypt:2)
  A fire giant (Tomb:1)
  6 vampire knights
  2 bennus (Tomb:3)
  5 mummy priests
  An elf zombie (Crypt:3)
  4 jiangshi (Crypt:3)
  2 dancing weapons (Crypt:3)
  11 death scarabs
  3 vampire magi (Crypt:3)
  2 deep elf knights (Tomb:1)
  3 storm dragon zombies (Crypt:3)
  6 skeletal warriors
  2 phantasmal warriors (Crypt:3)
  A necromancer (Crypt:1)
  A freezing wraith (Crypt:2)
  7 guardian mummies
  A stone giant simulacrum (Crypt:1)
  An ettin zombie (Crypt:1)
  An ettin skeleton (Crypt:1)
  A fire dragon skeleton (Crypt:1)
  3 ushabtiu
  6 vampires (Crypt:3)
  A two-headed ogre zombie (Crypt:1)
  A naga zombie (Crypt:3)
  A naga skeleton (Tomb:1)
  6 mummies
98 creatures vanquished.

Vanquished Creatures (others)
  A tentacled monstrosity (Zot:1)
  A death cob (Zot:2)
  A draconian knight (Depths:4)
  A white draconian (Zot:4)
  A red draconian (Zot:1)
  A lindwurm (Swamp:4)
  A freezing wraith (Crypt:1)
  3 bloated husks
  A hornet (Swamp:4)
  A spriggan (Swamp:4)
  A wraith (Crypt:1)
  A steam dragon (Swamp:4)
  A swamp worm (Swamp:3)
  2 swamp drakes (Swamp:4)
  A hound (D:9)
  24 foxfires
42 creatures vanquished.

Grand Total: 2539 creatures vanquished

Notes
Turn   | Place    | Note
-------+----------+-------------------------------------------
     0 | D:1      | qw the Gargoyle Fighter began the quest for the Orb.
     0 | D:1      | Reached XP level 1. HP: 14/14 MP: 1/1
     0 | D:1      | 0 ||| qw: Version: 0.2-a-108-gee2c290
     0 | D:1      | 0 ||| qw: Game counter: 1427
     0 | D:1      | 0 ||| qw: Always use a shield: true
     0 | D:1      | 0 ||| qw: God list: Okawaru
     0 | D:1      | 0 ||| qw: Allow faded altars: false
     0 | D:1      | 0 ||| qw: Do Orc after D:15 true
     0 | D:1      | 0 ||| qw: Do second Lair branch before Depths: true
     0 | D:1      | 0 ||| qw: Lair rune preference: random
     0 | D:1      | 0 ||| qw: Plans: Normal, Zot:1-4, Slime:5, God:TSO, Crypt,
                  | Tomb, Abyss, Pan, Hells, Win
     0 | D:1      | 0 ||| PLANNING D:1-11
    91 | D:1      | 91 ||| Stepping ~*~*~tactically~*~*~ (hiding).
   204 | D:1      | 204 ||| Stepping ~*~*~tactically~*~*~ (hiding).
   206 | D:1      | 206 ||| Stepping ~*~*~tactically~*~*~ (hiding).
   207 | D:1      | 207 ||| Stepping ~*~*~tactically~*~*~ (hiding).
   246 | D:1      | Reached XP level 2. HP: 19/19 MP: 2/2
   519 | D:1      | 519 ||| Stepping ~*~*~tactically~*~*~ (stealth).
   611 | D:1      | Reached skill level 3 in Axes
   738 | D:1      | Reached XP level 3. HP: 15/23 MP: 3/3
  1081 | D:1      | 1081 ||| READING scroll labelled TOENGU LUZE.
  1082 | D:1      | 1082 ||| READING 2 scrolls labelled ENKOID ZANTA.
  1113 | D:2      | Found Goyppuam's Magic Scroll Emporium.
  1121 | D:2      | 1121 ||| BUYING scroll of identify (22 gold).
  1121 | D:2      | Bought a scroll of identify for 22 gold pieces
  1121 | D:2      | 1121 ||| BUYING scroll of identify (22 gold).
  1121 | D:2      | Bought a scroll of identify for 22 gold pieces
  1121 | D:2      | 1121 ||| SHOPLISTING scroll of teleportation (33 gold, have
                  | 19).
  1143 | D:2      | 1143 ||| DROPPING +0 club.
  1356 | D:2      | Reached XP level 4. HP: 28/28 MP: 4/4
  1771 | D:2      | 1771 ||| UPGRADING to +2 pair of boots.
  1776 | D:2      | 1776 ||| READING 3 scrolls labelled IGOLYQU AGOPI.
  1794 | D:2      | 1794 ||| READING scroll labelled EFFESI ZIV COPPY.
  1795 | D:2      | 1795 ||| DRINKING 2 inky potions.
  1796 | D:2      | 1796 ||| READING 3 scrolls of identify.
  1796 | D:2      | 1796 ||| IDENTIFYING golden potion
  1797 | D:2      | 1797 ||| READING 2 scrolls of identify.
  1797 | D:2      | 1797 ||| IDENTIFYING puce potion
  1798 | D:2      | 1798 ||| DROPPING 2 scrolls of torment.
  1934 | D:3      | 1934 ||| Stepping ~*~*~tactically~*~*~ (hiding).
  1945 | D:3      | Noticed Terence
  1961 | D:3      | Killed Terence
  2016 | D:3      | Found a runed translucent door.
  2017 | D:3      | Noticed Crazy Yiuf
  2173 | D:3      | Reached skill level 1 in Throwing
  2212 | D:3      | Noticed Jessica
  2213 | D:3      | 2213 ||| Stepping ~*~*~tactically~*~*~ (hiding).
  2215 | D:3      | 2215 ||| Stepping ~*~*~tactically~*~*~ (hiding).
  2216 | D:3      | 2216 ||| Stepping ~*~*~tactically~*~*~ (hiding).
  2217 | D:3      | 2217 ||| Stepping ~*~*~tactically~*~*~ (hiding).
  2219 | D:3      | 2219 ||| Stepping ~*~*~tactically~*~*~ (hiding).
  2220 | D:3      | 2220 ||| Stepping ~*~*~tactically~*~*~ (hiding).
  2223 | D:3      | Killed Jessica
  2224 | D:3      | Reached XP level 5. HP: 32/32 MP: 5/5
  2347 | D:3      | 2347 ||| UPGRADING to +0 cloak.
  2352 | D:3      | 2352 ||| READING scroll labelled WUOWKUTHRIKU.
  2353 | D:3      | 2353 ||| READING scroll labelled GOWKE TIZU.
  2354 | D:3      | 2354 ||| READING scroll labelled GAES VUORUOSS.
  2355 | D:3      | 2355 ||| READING scroll labelled WAGOTAE GENN.
  2406 | D:3      | 2406 ||| UPGRADING to ring of resist corrosion.
  2661 | D:4      | 2661 ||| Stepping ~*~*~tactically~*~*~ (stealth).
  2663 | D:4      | 2663 ||| Stepping ~*~*~tactically~*~*~ (hiding).
  2680 | D:4      | 2680 ||| Stepping ~*~*~tactically~*~*~ (hiding).
  2681 | D:4      | 2681 ||| Stepping ~*~*~tactically~*~*~ (hiding).
  2709 | D:4      | Noticed an ogre
  2715 | D:4      | HP: 3/32 [ogre/+0 giant spiked club (29)]
  2716 | D:4      | 2716 ||| DRINKING potion of heal wounds.
  2721 | D:4      | Killed an ogre
  2722 | D:4      | Reached XP level 6. HP: 28/37 MP: 6/6
  2833 | D:4      | 2833 ||| DROPPING +0 whip.
  2835 | D:4      | 2835 ||| Stepping ~*~*~tactically~*~*~ (stealth).
  2869 | D:4      | 2869 ||| Stepping ~*~*~tactically~*~*~ (hiding).
  2871 | D:4      | 2871 ||| Stepping ~*~*~tactically~*~*~ (hiding).
  2909 | D:4      | Found a staircase to the Ecumenical Temple.
  2910 | D:4      | 2910 ||| PLANNING TEMPLE
  2910 | D:4      | 2910 ||| UPGRADING to amulet of regeneration.
  2915 | D:4      | 2915 ||| READING 2 scrolls of identify.
  2915 | D:4      | 2915 ||| IDENTIFYING fuming white potion
  2916 | D:4      | 2916 ||| DROPPING potion of brilliance.
  2924 | Temple   | Entered the Ecumenical Temple
  3052 | Temple   | 3052 ||| PLANNING OKAWARU WORSHIP
  3342 | Temple   | Became a worshipper of Warmaster Okawaru
  3342 | Temple   | 3342 ||| PLANNING D:1-11
  3763 | D:4      | Reached skill level 1 in Dodging
  3802 | D:4      | 3802 ||| UPGRADING to +0 chain mail.
  3812 | D:4      | 3812 ||| DROPPING +0 scale mail.
  3813 | D:4      | 3813 ||| DRINKING 2 bubbling puce potions.
  3836 | D:5      | Entered Level 5 of the Dungeon
  3837 | D:5      | 3837 ||| PLANNING SEWER
  3841 | D:5      | 3841 ||| STAIRDANCE
  3860 | D:4      | Reached XP level 7. HP: 25/43 MP: 7/7
  3862 | D:4      | Reached skill level 6 in Axes
  3881 | D:5      | 3881 ||| STAIRDANCE
  3899 | D:4      | HP: 10/43 [gnoll sergeant/+0 spear (6)]
  3969 | D:5      | Reached * piety under Okawaru
  4195 | D:5      | 4195 ||| INVOKING Heroism.
  4199 | D:5      | Reached skill level 1 in Invocations
  4451 | D:5      | 4451 ||| Stepping ~*~*~tactically~*~*~ (hiding).
  4599 | D:5      | 4599 ||| RIP SEWER
  4605 | D:5      | 4605 ||| PLANNING D:1-11
  4677 | D:5      | Reached XP level 8. HP: 48/48 MP: 9/9
  4781 | D:5      | 4781 ||| UPGRADING to +0 pair of gloves.
  4786 | D:5      | 4786 ||| DRINKING 2 emerald potions.
  4787 | D:5      | 4787 ||| READING 2 scrolls of identify.
  4787 | D:5      | 4787 ||| IDENTIFYING murky yellow potion
  4788 | D:5      | 4788 ||| DROPPING potion of flight.
  4816 | D:6      | 4816 ||| INVOKING Heroism.
  4822 | D:6      | Reached skill level 3 in Invocations
  5005 | D:6      | Noticed qw's ghost (novice GrFi)
  5069 | D:6      | 5069 ||| Stepping ~*~*~tactically~*~*~ (stealth).
  5070 | D:6      | 5070 ||| Stepping ~*~*~tactically~*~*~ (stealth).
  5078 | D:6      | 5078 ||| INVOKING Heroism.
  5101 | D:6      | 5101 ||| DROPPING +0 whip of flaming.
  5340 | D:6      | 5340 ||| INVOKING Heroism.
  5378 | D:6      | Found a transporter.
  5382 | D:6      | Found a transporter.
  5394 | D:6      | 5394 ||| INVOKING Heroism.
  5686 | D:6      | 5686 ||| READING scroll labelled SEGUAFEO OSCHE.
  5687 | D:6      | 5687 ||| READING 2 scrolls of identify.
  5687 | D:6      | 5687 ||| IDENTIFYING dark potion
  5881 | D:7      | 5881 ||| INVOKING Heroism.
  5905 | D:7      | Found an ancient bone altar of Kikubaaqudgha.
  5917 | D:7      | 5917 ||| Stepping ~*~*~tactically~*~*~ (hiding).
  5946 | D:7      | Found a radiant altar of Vehumet.
  5949 | D:7      | 5949 ||| INVOKING Heroism.
  5958 | D:7      | Reached XP level 9. HP: 54/54 MP: 10/12
  6004 | D:7      | Reached skill level 6 in Fighting
  6057 | D:7      | 6057 ||| Stepping ~*~*~tactically~*~*~ (hiding).
  6078 | D:7      | 6078 ||| INVOKING Heroism.
  6546 | D:7      | 6546 ||| Stepping ~*~*~tactically~*~*~ (cloud).
  6581 | D:7      | 6581 ||| INVOKING Heroism.
  6600 | D:7      | Reached skill level 9 in Axes
  6667 | D:7      | 6667 ||| UPGRADING to ring of protection from fire.
  6735 | D:8      | 6735 ||| SWAPPING to +4 war axe of freezing.
  6736 | D:8      | 6736 ||| DROPPING +0 war axe.
  6741 | D:8      | 6741 ||| DROPPING +0 morningstar.
  6754 | D:8      | Noticed Pikel
  6755 | D:8      | 6755 ||| INVOKING Heroism.
  6770 | D:8      | Killed Pikel
  6770 | D:8      | Reached ** piety under Okawaru
  6771 | D:8      | Reached skill level 6 in Armour
  6998 | D:8      | 6998 ||| Stepping ~*~*~tactically~*~*~ (stealth).
  6999 | D:8      | 6999 ||| INVOKING Heroism.
  7007 | D:8      | Reached XP level 10. HP: 63/63 MP: 10/13
  7065 | D:8      | Identified the +0 robe of the Valley of Death {Str+3}
  7079 | D:8      | 7079 ||| Stepping ~*~*~tactically~*~*~ (hiding).
  7080 | D:8      | 7080 ||| Stepping ~*~*~tactically~*~*~ (hiding).
  7261 | D:8      | 7261 ||| Stepping ~*~*~tactically~*~*~ (stealth).
  7262 | D:8      | 7262 ||| Stepping ~*~*~tactically~*~*~ (stealth).
  7294 | D:8      | Reached *** piety under Okawaru
  7470 | D:8      | 7470 ||| UPGRADING to +0 helmet.
  7475 | D:8      | 7475 ||| DROPPING +6 ring of intelligence.
  7476 | D:8      | 7476 ||| READING 2 scrolls labelled HIMUTO FURE.
  7477 | D:8      | 7477 ||| READING 6 scrolls of identify.
  7477 | D:8      | 7477 ||| IDENTIFYING sedimented puce potion
  7478 | D:8      | 7478 ||| DROPPING scroll of poison.
  7479 | D:8      | 7479 ||| DROPPING potion of ambrosia.
  7537 | D:9      | 7537 ||| INVOKING Heroism.
  7560 | D:9      | 7560 ||| Stepping ~*~*~tactically~*~*~ (stealth).
  7564 | D:9      | 7564 ||| Stepping ~*~*~tactically~*~*~ (stealth).
  7575 | D:9      | Found a transporter.
  7581 | D:9      | 7581 ||| READING scroll labelled LAXTUSCH NEHOI.
  7590 | D:9      | 7590 ||| INVOKING Heroism.
  7609 | D:9      | Found a staircase to the Lair.
  7618 | D:9      | 7618 ||| INVOKING Heroism.
  7646 | D:9      | 7646 ||| INVOKING Heroism.
  7698 | D:9      | 7698 ||| UPGRADING to +0 plate armour.
  7701 | D:9      | 7701 ||| UPGRADING to +0 plate armour.
  7711 | D:9      | 7711 ||| DROPPING +0 chain mail.
  7741 | D:9      | 7741 ||| Stepping ~*~*~tactically~*~*~ (hiding).
  7742 | D:9      | 7742 ||| Stepping ~*~*~tactically~*~*~ (hiding).
  7747 | D:9      | 7747 ||| INVOKING Heroism.
  7929 | D:9      | 7929 ||| INVOKING Heroism.
  8046 | D:9      | 8046 ||| Stepping ~*~*~tactically~*~*~ (hiding).
  8088 | D:9      | 8088 ||| PLANNING LAIR
  8088 | D:9      | 8088 ||| UPGRADING to +1 kite shield of protection.
  8098 | D:9      | 8098 ||| DROPPING +0 buckler.
  8099 | D:9      | 8099 ||| READING 5 scrolls of identify.
  8099 | D:9      | 8099 ||| IDENTIFYING blue potion
  8100 | D:9      | 8100 ||| DROPPING potion of invisibility.
  8130 | Lair:1   | Entered Level 1 of the Lair of Beasts
  8151 | Lair:1   | Noticed a cane toad
  8152 | Lair:1   | 8152 ||| INVOKING Heroism.
  8158 | Lair:1   | Killed a cane toad
  8193 | Lair:1   | Reached skill level 6 in Shields
  8195 | Lair:1   | Reached XP level 11. HP: 68/68 MP: 14/14
  8205 | Lair:1   | Noticed an oklob plant
  8206 | Lair:1   | 8206 ||| FLEEEEING.
  8389 | Lair:1   | 8389 ||| INVOKING Heroism.
  8511 | Lair:1   | 8511 ||| INVOKING Heroism.
  8543 | Lair:1   | 8543 ||| INVOKING Heroism.
  8551 | Lair:1   | Killed an oklob plant
  8554 | Lair:1   | Reached **** piety under Okawaru
  8570 | Lair:1   | 8570 ||| INVOKING Heroism.
  8600 | Lair:1   | Found a runed translucent gate.
  8600 | Lair:1   | Found a runed translucent gate.
  8600 | Lair:1   | Found a runed translucent gate.
  8602 | Lair:1   | Noticed a ten-headed hydra
  8602 | Lair:1   | Noticed a ten-headed hydra
  8602 | Lair:1   | Noticed qw's ghost (novice GrFi)
  8751 | Lair:1   | 8751 ||| INVOKING Heroism.
  8760 | Lair:1   | Reached skill level 9 in Shields
  8923 | Lair:1   | 8923 ||| INVOKING Heroism.
  9000 | Lair:1   | 9000 ||| INVOKING Heroism.
  9223 | Lair:1   | 9223 ||| UPGRADING to +0 tower shield.
  9233 | Lair:1   | 9233 ||| DROPPING +1 kite shield of protection.
  9234 | Lair:1   | 9234 ||| UPGRADING to ring of willpower.
  9236 | Lair:1   | 9236 ||| READING scroll labelled NEYS GAGGIS.
  9337 | Lair:1   | 9337 ||| READING scroll labelled YRAJAUSAXA.
  9375 | Lair:2   | 9375 ||| INVOKING Heroism.
  9410 | Lair:2   | 9410 ||| Stepping ~*~*~tactically~*~*~ (stealth).
  9411 | Lair:2   | 9411 ||| INVOKING Heroism.
  9500 | Lair:2   | 9500 ||| INVOKING Heroism.
  9622 | Lair:2   | 9622 ||| SWAPPING to +0 broad axe.
  9627 | Lair:2   | 9627 ||| DROPPING +4 war axe of freezing.
  9637 | Lair:2   | Reached skill level 6 in Invocations
  9653 | Lair:2   | 9653 ||| INVOKING Heroism.
  9726 | Lair:2   | 9726 ||| INVOKING Heroism.
  9736 | Lair:2   | Reached XP level 12. HP: 72/73 MP: 14/17
  9810 | Lair:2   | 9810 ||| INVOKING Heroism.
  9978 | Lair:2   | Received a gift from Okawaru
  9979 | Lair:2   | 9979 ||| INVOKING Heroism.
 10021 | Lair:2   | Noticed a death yak
 10021 | Lair:2   | Noticed a skyshark
 10022 | Lair:2   | 10022 ||| INVOKING Heroism.
 10029 | Lair:2   | Noticed a death yak
 10031 | Lair:2   | Killed a death yak
 10046 | Lair:2   | Killed a skyshark
 10056 | Lair:2   | Killed a death yak
 10064 | Lair:2   | 10064 ||| INVOKING Heroism.
 10150 | Lair:2   | 10150 ||| Stepping ~*~*~tactically~*~*~ (hiding).
 10179 | Lair:2   | 10179 ||| Stepping ~*~*~tactically~*~*~ (stealth).
 10429 | Lair:2   | 10429 ||| Stepping ~*~*~tactically~*~*~ (stealth).
 10453 | Lair:2   | Reached ***** piety under Okawaru
 10458 | Lair:2   | Reached skill level 3 in Throwing
 10467 | Lair:2   | 10467 ||| INVOKING Heroism.
 10664 | Lair:2   | Reached skill level 12 in Shields
 10667 | Lair:2   | 10667 ||| UPGRADING to +4 ring of protection.
 10669 | Lair:2   | 10669 ||| READING scroll labelled IZORUAPLEI.
 10670 | Lair:2   | 10670 ||| READING scroll labelled SESOAM ERUUPUM.
 10671 | Lair:2   | 10671 ||| DRINKING 3 bubbling dark potions.
 10671 | Lair:2   | Gained mutation: You expend magic power (3 MP) to
                  | strengthen your wands. [potion of mutation]
 10671 | Lair:2   | Gained mutation: You are somewhat resistant to further
                  | mutation. [potion of mutation]
 10693 | Lair:3   | Found a staircase to the Swamp.
 10708 | Lair:3   | Received a gift from Okawaru
 10709 | Lair:3   | Reached skill level 9 in Invocations
 10752 | Lair:3   | Found a blossoming altar of Fedhas.
 10912 | Lair:3   | Found a staircase to the Snake Pit.
 10919 | Lair:3   | Identified the +0 cloak of the Shoals {rCorr Int+3}
                  | (Okawaru gifted it to you on level 3 of the Lair of Beasts)
 10919 | Lair:3   | Received a gift from Okawaru
 10954 | Lair:3   | Identified the +1 leather armour of the Stories {+Inv}
 11000 | Lair:3   | 11000 ||| INVOKING Heroism.
 11055 | Lair:3   | Identified the +4 scale mail "Dinuxuwa" {rElec rF+ rC-
                  | rN+++}
 11087 | Lair:3   | 11087 ||| INVOKING Heroism.
 11201 | Lair:3   | 11201 ||| INVOKING Heroism.
 11203 | Lair:3   | 11203 ||| Stepping ~*~*~tactically~*~*~ (stealth).
 11219 | Lair:3   | 11219 ||| Stepping ~*~*~tactically~*~*~ (stealth).
 11228 | Lair:3   | 11228 ||| INVOKING Heroism.
 11236 | Lair:3   | Reached XP level 13. HP: 72/78 MP: 18/20
 11383 | Lair:3   | 11383 ||| Stepping ~*~*~tactically~*~*~ (stealth).
 11384 | Lair:3   | 11384 ||| Stepping ~*~*~tactically~*~*~ (stealth).
 11385 | Lair:3   | 11385 ||| Stepping ~*~*~tactically~*~*~ (stealth).
 11387 | Lair:3   | 11387 ||| INVOKING Heroism.
 11577 | Lair:3   | 11577 ||| UPGRADING to +0 cloak of the Shoals {rCorr
                  | Int+3}.
 11587 | Lair:3   | 11587 ||| DROPPING +0 cloak.
 11588 | Lair:3   | 11588 ||| READING 7 scrolls of identify.
 11588 | Lair:3   | 11588 ||| IDENTIFYING fuming orange potion
 11589 | Lair:3   | 11589 ||| DROPPING potion of berserk rage.
 11610 | Lair:4   | 11610 ||| INVOKING Heroism.
 11644 | Lair:4   | Noticed Sonja
 11645 | Lair:4   | 11645 ||| INVOKING Finesse.
 11701 | Lair:4   | Killed Sonja
 11746 | Lair:4   | 11746 ||| INVOKING Heroism.
 11748 | Lair:4   | 11748 ||| Stepping ~*~*~tactically~*~*~ (stealth).
 11771 | Lair:4   | 11771 ||| INVOKING Heroism.
 11772 | Lair:4   | 11772 ||| Stepping ~*~*~tactically~*~*~ (stealth).
 11780 | Lair:4   | Reached skill level 9 in Fighting
 11780 | Lair:4   | Noticed Rupert
 11781 | Lair:4   | 11781 ||| Stepping ~*~*~tactically~*~*~ (stealth).
 11782 | Lair:4   | 11782 ||| Stepping ~*~*~tactically~*~*~ (stealth).
 11799 | Lair:4   | Killed Rupert
 11951 | Lair:4   | 11951 ||| INVOKING Heroism.
 11977 | Lair:4   | 11977 ||| Stepping ~*~*~tactically~*~*~ (hiding).
 11979 | Lair:4   | 11979 ||| Stepping ~*~*~tactically~*~*~ (hiding).
 11985 | Lair:4   | Reached skill level 9 in Armour
 12091 | Lair:4   | 12091 ||| Stepping ~*~*~tactically~*~*~ (stealth).
 12092 | Lair:4   | 12092 ||| Stepping ~*~*~tactically~*~*~ (stealth).
 12153 | Lair:4   | 12153 ||| INVOKING Heroism.
 12158 | Lair:4   | 12158 ||| SWAPPING to +4 morningstar.
 12162 | Lair:4   | 12162 ||| SWAPPING to +0 broad axe of electrocution.
 12174 | Lair:4   | 12174 ||| Stepping ~*~*~tactically~*~*~ (stealth).
 12176 | Lair:4   | 12176 ||| Stepping ~*~*~tactically~*~*~ (stealth).
 12537 | Lair:4   | 12537 ||| INVOKING Heroism.
 12573 | Lair:4   | 12573 ||| INVOKING Heroism.
 12597 | Lair:4   | 12597 ||| Stepping ~*~*~tactically~*~*~ (stealth).
 12600 | Lair:4   | 12600 ||| Stepping ~*~*~tactically~*~*~ (stealth).
 12602 | Lair:4   | 12602 ||| Stepping ~*~*~tactically~*~*~ (stealth).
 12603 | Lair:4   | 12603 ||| Stepping ~*~*~tactically~*~*~ (stealth).
 13209 | Lair:4   | 13209 ||| UPGRADING to +2 chain mail of cold resistance.
 13219 | Lair:4   | 13219 ||| DROPPING ring of willpower.
 13220 | Lair:4   | 13220 ||| UPGRADING to +5 ring of evasion.
 13222 | Lair:4   | 13222 ||| UPGRADING to +4 ring of protection.
 13224 | Lair:4   | 13224 ||| READING scroll labelled XUEXKUQ PIBAU.
 13248 | Lair:5   | Entered Level 5 of the Lair of Beasts
 13289 | Lair:5   | 13289 ||| INVOKING Heroism.
 13334 | Lair:5   | 13334 ||| Stepping ~*~*~tactically~*~*~ (stealth).
 13376 | Lair:5   | 13376 ||| READING scroll of enchant armour.
 13376 | Lair:5   | 13376 ||| ENCHANTING +0 pair of gloves.
 13387 | Lair:5   | 13387 ||| INVOKING Heroism.
 13473 | Lair:5   | 13473 ||| INVOKING Heroism.
 13478 | Lair:5   | 13478 ||| SWAPPING to +4 morningstar.
 13481 | Lair:5   | Reached skill level 12 in Axes
 13481 | Lair:5   | 13481 ||| SWAPPING to +1 broad axe of electrocution.
 13502 | Lair:5   | 13502 ||| INVOKING Heroism.
 13550 | Lair:5   | 13550 ||| Stepping ~*~*~tactically~*~*~ (stealth).
 13551 | Lair:5   | 13551 ||| INVOKING Heroism.
 13584 | Lair:5   | Found a viscous altar of Jiyva.
 13584 | Lair:5   | Found a staircase to the Slime Pits.
 13609 | Lair:5   | 13609 ||| Stepping ~*~*~tactically~*~*~ (stealth).
 13610 | Lair:5   | 13610 ||| Stepping ~*~*~tactically~*~*~ (stealth).
 13611 | Lair:5   | 13611 ||| Stepping ~*~*~tactically~*~*~ (stealth).
 13660 | Lair:5   | 13660 ||| INVOKING Heroism.
 13749 | Lair:5   | Noticed a dire elephant
 13749 | Lair:5   | Noticed a dire elephant
 13749 | Lair:5   | Noticed a dire elephant
 13750 | Lair:5   | 13750 ||| INVOKING Heroism.
 13809 | Lair:5   | Gained mutation: Your large and strong wings let you fly.
                  | [Gargoyle growth]
 13809 | Lair:5   | Reached XP level 14. HP: 79/88 MP: 21/21
 14210 | Lair:5   | Noticed a dire elephant
 14211 | Lair:5   | 14211 ||| INVOKING Heroism.
 14222 | Lair:5   | Killed a dire elephant
 14266 | Lair:5   | 14266 ||| INVOKING Heroism.
 14305 | Lair:5   | 14305 ||| INVOKING Heroism.
 14313 | Lair:5   | 14313 ||| DROPPING +1 pair of gloves.
 14325 | Lair:5   | HP: 5/88 [sun demon[an obsidian statue] (19)]
 14326 | Lair:5   | 14326 ||| READING 8 scrolls of teleportation.
 14830 | Lair:5   | 14830 ||| INVOKING Heroism.
 14832 | Lair:5   | 14832 ||| Stepping ~*~*~tactically~*~*~ (stealth).
 14852 | Lair:5   | Killed a dire elephant
 14870 | Lair:5   | Killed a dire elephant
 14871 | Lair:5   | Reached skill level 15 in Shields
 14872 | Lair:5   | 14872 ||| INVOKING Heroism.
 14882 | Lair:5   | Killed a dire elephant
 14960 | Lair:5   | 14960 ||| PLANNING D:1-11
 14960 | Lair:5   | 14960 ||| DROPPING +0 plate armour.
 14961 | Lair:5   | 14961 ||| UPGRADING to +1 crystal plate armour.
 14971 | Lair:5   | 14971 ||| DROPPING +2 chain mail of cold resistance.
 14972 | Lair:5   | 14972 ||| DROPPING +4 scale mail "Dinuxuwa" {rElec rF+ rC-
                  | rN+++}.
 14973 | Lair:5   | 14973 ||| READING 7 scrolls of identify.
 14973 | Lair:5   | 14973 ||| IDENTIFYING fuming brown potion
 14974 | Lair:5   | 14974 ||| DROPPING potion of degeneration.
 15151 | D:10     | Entered Level 10 of the Dungeon
 15201 | D:10     | 15201 ||| Stepping ~*~*~tactically~*~*~ (hiding).
 15254 | D:10     | 15254 ||| Stepping ~*~*~tactically~*~*~ (stealth).
 15256 | D:10     | 15256 ||| Stepping ~*~*~tactically~*~*~ (stealth).
 15257 | D:10     | 15257 ||| Stepping ~*~*~tactically~*~*~ (stealth).
 15315 | D:10     | 15315 ||| READING scroll of enchant weapon.
 15315 | D:10     | 15315 ||| ENCHANTING +1 broad axe of electrocution.
 15413 | D:10     | 15413 ||| Stepping ~*~*~tactically~*~*~ (stealth).
 15450 | D:10     | 15450 ||| Stepping ~*~*~tactically~*~*~ (hiding).
 15451 | D:10     | 15451 ||| Stepping ~*~*~tactically~*~*~ (hiding).
 15452 | D:10     | 15452 ||| Stepping ~*~*~tactically~*~*~ (hiding).
 15475 | D:10     | 15475 ||| Stepping ~*~*~tactically~*~*~ (stealth).
 15625 | D:10     | Found a flagged portal.
 15831 | D:10     | Found a staircase to the Orcish Mines.
 15850 | D:11     | 15850 ||| Stepping ~*~*~tactically~*~*~ (hiding).
 15851 | D:11     | 15851 ||| Stepping ~*~*~tactically~*~*~ (hiding).
 15852 | D:11     | 15852 ||| Stepping ~*~*~tactically~*~*~ (hiding).
 15894 | D:11     | Found a transporter.
 15897 | D:11     | Noticed qw's ghost (journeyman GrFi)
 15940 | D:11     | 15940 ||| READING scroll of enchant weapon.
 15940 | D:11     | 15940 ||| ENCHANTING +2 broad axe of electrocution.
 16073 | D:11     | Found Iruovag's Assorted Antiques.
 16077 | D:11     | 16077 ||| BUYING potion of curing (78 gold).
 16077 | D:11     | Bought a potion of curing for 78 gold pieces
 16077 | D:11     | 16077 ||| BUYING scroll of identify (52 gold).
 16077 | D:11     | Bought a scroll of identify for 52 gold pieces
 16077 | D:11     | 16077 ||| BUYING scroll of teleportation (78 gold).
 16077 | D:11     | Bought a scroll of teleportation for 78 gold pieces
 16077 | D:11     | 16077 ||| BUYING tapered ivory wand (104 gold).
 16077 | D:11     | Bought a tapered ivory wand for 104 gold pieces
 16166 | D:11     | Found a transporter.
 16174 | D:11     | 16174 ||| Stepping ~*~*~tactically~*~*~ (hiding).
 16286 | D:11     | 16286 ||| PLANNING D
 16286 | D:11     | 16286 ||| DROPPING ring of see invisible.
 16287 | D:11     | 16287 ||| DROPPING wand of paralysis (3).
 16310 | D:12     | 16310 ||| PLANNING GAUNTLET
 16399 | D:12     | 16399 ||| READING 10 scrolls of teleportation.
 16400 | D:12     | 16400 ||| INVOKING Heroism.
 16490 | D:12     | Received a gift from Okawaru
 16586 | D:12     | 16586 ||| INVOKING Heroism.
 16640 | D:12     | Found a gate leading to a gauntlet.
 16645 | Gauntlet | Entered a Gauntlet
 16645 | Gauntlet | Found a transporter.
 16645 | Gauntlet | Found a transporter.
 16646 | Gauntlet | Found a transporter.
 16649 | Gauntlet | Found a transporter.
 16649 | Gauntlet | Found a transporter.
 16650 | Gauntlet | Found a transporter.
 16661 | Gauntlet | Found a transporter.
 16663 | Gauntlet | Found a transporter.
 16665 | Gauntlet | Found a large runed translucent door.
 16666 | Gauntlet | Found a large runed translucent door.
 16667 | Gauntlet | Found a large runed translucent door.
 16667 | Gauntlet | Found a large runed translucent door.
 16667 | Gauntlet | Found a runed translucent door.
 16667 | Gauntlet | Found a runed translucent door.
 16668 | Gauntlet | Found a large runed translucent door.
 16669 | Gauntlet | Found a large runed translucent door.
 16670 | Gauntlet | Found a large runed translucent door.
 16670 | Gauntlet | Found a large runed translucent door.
 16671 | Gauntlet | Found a runed translucent gate.
 16671 | Gauntlet | Found a runed translucent gate.
 16671 | Gauntlet | Found a runed translucent gate.
 16673 | Gauntlet | Found a transporter.
 16684 | Gauntlet | Found a large runed translucent door.
 16685 | Gauntlet | Found a large runed translucent door.
 16686 | Gauntlet | Found a large runed translucent door.
 16691 | Gauntlet | Found a large runed translucent door.
 16695 | Gauntlet | Found a large runed translucent door.
 16695 | Gauntlet | Found a large runed translucent door.
 16696 | Gauntlet | Found a large runed translucent door.
 16697 | Gauntlet | Found a large runed translucent door.
 16781 | Gauntlet | Found a transporter.
 16782 | Gauntlet | Found a transporter.
 16796 | Gauntlet | Found a transporter.
 16851 | Gauntlet | Received a gift from Okawaru
 17048 | Gauntlet | 17048 ||| INVOKING Heroism.
 17049 | Gauntlet | 17049 ||| INVOKING Finesse.
 17140 | Gauntlet | Identified the +5 robe "Xoock" {Rampage Str+2}
 17158 | Gauntlet | 17158 ||| INVOKING Heroism.
 17159 | Gauntlet | 17159 ||| INVOKING Finesse.
 17264 | Gauntlet | 17264 ||| DROPPING scarf of shadows.
 17277 | D:12     | 17277 ||| PLANNING D
 17329 | D:12     | 17329 ||| Stepping ~*~*~tactically~*~*~ (stealth).
 17339 | D:12     | Reached skill level 12 in Armour
 17572 | D:12     | 17572 ||| Stepping ~*~*~tactically~*~*~ (stealth).
 17574 | D:12     | 17574 ||| INVOKING Heroism.
 17708 | D:12     | 17708 ||| Stepping ~*~*~tactically~*~*~ (stealth).
 17710 | D:12     | 17710 ||| Stepping ~*~*~tactically~*~*~ (stealth).
 17712 | D:12     | 17712 ||| Stepping ~*~*~tactically~*~*~ (stealth).
 17930 | D:13     | Received a gift from Okawaru
 17985 | D:13     | 17985 ||| INVOKING Heroism.
 17993 | D:13     | Reached XP level 15. HP: 92/92 MP: 20/22
 18235 | D:13     | 18235 ||| Stepping ~*~*~tactically~*~*~ (hiding).
 18241 | D:13     | 18241 ||| INVOKING Heroism.
 18338 | D:13     | 18338 ||| READING 9 scrolls of teleportation.
 18339 | D:13     | 18339 ||| INVOKING Heroism.
 18402 | D:13     | 18402 ||| INVOKING Heroism.
 18405 | D:13     | 18405 ||| READING 8 scrolls of teleportation.
 18479 | D:13     | 18479 ||| INVOKING Heroism.
 18483 | D:13     | 18483 ||| SWAPPING to +4 morningstar.
 18491 | D:13     | 18491 ||| SWAPPING to +3 broad axe of electrocution.
 18502 | D:13     | Received a gift from Okawaru
 18607 | D:13     | 18607 ||| READING scroll of enchant armour.
 18607 | D:13     | 18607 ||| ENCHANTING +1 crystal plate armour.
 19066 | D:14     | You are sucked into a shaft and drop 1 floor!
 19066 | D:15     | Entered Level 15 of the Dungeon
 19108 | D:15     | 19108 ||| Stepping ~*~*~tactically~*~*~ (stealth).
 19115 | D:15     | 19115 ||| INVOKING Heroism.
 19163 | D:15     | 19163 ||| READING scroll labelled COEFRE IMUSK.
 19163 | D:15     | Identified a scroll of acquirement
 19163 | D:15     | 19163 ||| ACQUIRING 817 gold pieces
 19163 | D:15     | Acquired 817 gold pieces
 19198 | D:14     | Found a portal to a secret trove of treasure.
 19302 | D:14     | Found a gate to the Vaults.
 19303 | D:14     | 19303 ||| INVOKING Heroism.
 19325 | D:14     | 19325 ||| SWAPPING to +4 morningstar.
 19326 | D:14     | 19326 ||| Stepping ~*~*~tactically~*~*~ (outnumbered).
 19340 | D:14     | 19340 ||| SWAPPING to +3 broad axe of electrocution.
 19349 | D:14     | 19349 ||| INVOKING Heroism.
 19423 | D:14     | Identified the +2 scale mail of Dishonesty {Dex+6}
 19531 | D:14     | Identified the +0 robe of Gluttony {rPois Regen+}
 19882 | D:14     | Identified the +1 chain mail of Wisdom {rCorr Dex+6}
 19908 | D:14     | 19908 ||| DROPPING +0 acid dragon scales.
 19937 | D:15     | 19937 ||| INVOKING Heroism.
 19938 | D:15     | 19938 ||| Stepping ~*~*~tactically~*~*~ (hiding).
 19939 | D:15     | 19939 ||| INVOKING Finesse.
 19940 | D:15     | 19940 ||| SWAPPING to +4 morningstar.
 19947 | D:15     | 19947 ||| SWAPPING to +3 broad axe of electrocution.
 19975 | D:15     | Received a gift from Okawaru
 20068 | D:15     | Found a staircase to the Depths.
 20069 | D:15     | 20069 ||| INVOKING Heroism.
 20084 | D:15     | Reached skill level 6 in Throwing
 20094 | D:15     | HP: 22/94 [tengu reaver zombie (11)]
 20095 | D:15     | 20095 ||| READING 7 scrolls of teleportation.
 20096 | D:15     | 20096 ||| DRINKING 4 potions of heal wounds.
 20098 | D:15     | 20098 ||| DRINKING 3 potions of heal wounds.
 20156 | D:15     | 20156 ||| INVOKING Heroism.
 20185 | D:15     | 20185 ||| Stepping ~*~*~tactically~*~*~ (hiding).
 20291 | D:15     | 20291 ||| Stepping ~*~*~tactically~*~*~ (hiding).
 20558 | D:15     | 20558 ||| INVOKING Heroism.
 20561 | D:15     | Reached XP level 16. HP: 76/100 MP: 20/23
 20575 | D:15     | Paralysed by something for 5 turns
 20585 | D:15     | Received a gift from Okawaru
 20621 | D:15     | 20621 ||| INVOKING Heroism.
 20828 | D:15     | 20828 ||| PLANNING ORC
 20915 | Orc:1    | Entered Level 1 of the Orcish Mines
 20929 | Orc:1    | Noticed Erolcha
 20934 | Orc:1    | 20934 ||| INVOKING Heroism.
 20936 | Orc:1    | Killed Erolcha
 20940 | Orc:1    | Noticed Maurice
 20962 | Orc:1    | 20962 ||| INVOKING Heroism.
 20975 | Orc:1    | Killed Maurice
 21055 | Orc:1    | Found a frozen archway.
 21105 | Orc:1    | 21105 ||| Stepping ~*~*~tactically~*~*~ (hiding).
 21262 | Orc:1    | 21262 ||| UPGRADING to +0 cloak of willpower.
 21289 | Orc:2    | Entered Level 2 of the Orcish Mines
 21309 | Orc:2    | 21309 ||| Stepping ~*~*~tactically~*~*~ (hiding).
 21311 | Orc:2    | 21311 ||| Stepping ~*~*~tactically~*~*~ (hiding).
 21312 | Orc:2    | 21312 ||| Stepping ~*~*~tactically~*~*~ (hiding).
 21313 | Orc:2    | 21313 ||| Stepping ~*~*~tactically~*~*~ (hiding).
 21496 | Orc:2    | Found a runed translucent gate.
 21497 | Orc:2    | Found a runed translucent gate.
 21555 | Orc:2    | Found a runed translucent gate.
 21555 | Orc:2    | Noticed qw's ghost (adept GrFi)
 21603 | Orc:2    | 21603 ||| INVOKING Heroism.
 21620 | Orc:2    | 21620 ||| INVOKING Finesse.
 21627 | Orc:2    | Reached skill level 15 in Axes
 21627 | Orc:2    | Found a staircase to the Elven Halls.
 21758 | Orc:2    | 21758 ||| INVOKING Heroism.
 21839 | Orc:2    | 21839 ||| Stepping ~*~*~tactically~*~*~ (hiding).
 21840 | Orc:2    | 21840 ||| INVOKING Heroism.
 21993 | Orc:2    | 21993 ||| Stepping ~*~*~tactically~*~*~ (hiding).
 22006 | Orc:2    | 22006 ||| INVOKING Heroism.
 22027 | Orc:2    | 22027 ||| Stepping ~*~*~tactically~*~*~ (hiding).
 22037 | Orc:2    | Found Ziaxargh's General Store.
 22051 | Orc:2    | 22051 ||| INVOKING Heroism.
 22087 | Orc:2    | Reached skill level 12 in Fighting
 22123 | Orc:2    | Found Ostiomm's General Store.
 22127 | Orc:2    | 22127 ||| BUYING +1 pair of gloves of dexterity (280 gold).
 22127 | Orc:2    | Bought a +1 pair of gloves of dexterity for 280 gold pieces
 22127 | Orc:2    | 22127 ||| BUYING potion of might (68 gold).
 22127 | Orc:2    | Bought a potion of might for 68 gold pieces
 22129 | Orc:2    | 22129 ||| Stepping ~*~*~tactically~*~*~ (hiding).
 22129 | Orc:2    | Found Ofun Woe's Assorted Antiques.
 22238 | Orc:2    | 22238 ||| BUYING +1 cloak of the Loofah {Stlth+} (250
                  | gold).
 22238 | Orc:2    | Bought the +1 cloak of the Loofah {Stlth+} for 250 gold
                  | pieces
 22238 | Orc:2    | 22238 ||| BUYING 2 potions of attraction (78 gold).
 22238 | Orc:2    | Bought 2 potions of attraction for 78 gold pieces
 22238 | Orc:2    | 22238 ||| BUYING potion of heal wounds (65 gold).
 22238 | Orc:2    | Bought a potion of heal wounds for 65 gold pieces
 22240 | Orc:2    | Found Geuhifyps's Jewellery Shoppe.
 22246 | Orc:2    | 22246 ||| BUYING brass ring (145 gold).
 22246 | Orc:2    | Bought a brass ring for 145 gold pieces
 22246 | Orc:2    | 22246 ||| BUYING pair of glowing boots (217 gold).
 22246 | Orc:2    | Bought a pair of glowing boots for 217 gold pieces
 22249 | Orc:2    | 22249 ||| BUYING amulet of reflection (390 gold).
 22249 | Orc:2    | Bought an amulet of reflection for 390 gold pieces
 22249 | Orc:2    | 22249 ||| BUYING ring "Rymic" {Wiz rC+ Will+} (644 gold).
 22249 | Orc:2    | Bought the ring "Rymic" {Wiz rC+ Will+} for 644 gold pieces
 22249 | Orc:2    | 22249 ||| BUYING ring of protection from fire (325 gold).
 22249 | Orc:2    | Bought a ring of protection from fire for 325 gold pieces
 22249 | Orc:2    | 22249 ||| SHOPLISTING ring of resist corrosion (260 gold,
                  | have 126).
 22324 | Orc:2    | 22324 ||| PLANNING SWAMP:1-3
 22324 | Orc:2    | 22324 ||| UPGRADING to +1 pair of gloves of dexterity.
 22334 | Orc:2    | 22334 ||| DROPPING +1 pair of gloves.
 22335 | Orc:2    | 22335 ||| DROPPING +1 pair of boots of stealth.
 22336 | Orc:2    | 22336 ||| UPGRADING to amulet of reflection.
 22346 | Orc:2    | 22346 ||| DROPPING amulet of regeneration.
 22347 | Orc:2    | 22347 ||| DROPPING ring of fire.
 22348 | Orc:2    | 22348 ||| DROPPING ring of positive energy.
 22349 | Orc:2    | 22349 ||| UPGRADING to ring "Rymic" {Wiz rC+ Will+}.
 22489 | Swamp:1  | Entered Level 1 of the Swamp
 22499 | Swamp:1  | 22499 ||| Stepping ~*~*~tactically~*~*~ (hiding).
 22501 | Swamp:1  | 22501 ||| INVOKING Heroism.
 22545 | Swamp:1  | Reached skill level 3 in Dodging
 22619 | Swamp:1  | 22619 ||| INVOKING Heroism.
 22642 | Swamp:1  | 22642 ||| Stepping ~*~*~tactically~*~*~ (hiding).
 22644 | Swamp:1  | 22644 ||| Stepping ~*~*~tactically~*~*~ (hiding).
 22645 | Swamp:1  | 22645 ||| Stepping ~*~*~tactically~*~*~ (hiding).
 22646 | Swamp:1  | 22646 ||| Stepping ~*~*~tactically~*~*~ (hiding).
 22860 | Swamp:1  | 22860 ||| Stepping ~*~*~tactically~*~*~ (hiding).
 22862 | Swamp:1  | 22862 ||| INVOKING Heroism.
 22990 | Swamp:1  | 22990 ||| Stepping ~*~*~tactically~*~*~ (hiding).
 23047 | Swamp:1  | 23047 ||| INVOKING Heroism.
 23221 | Swamp:1  | Noticed a thorn hunter
 23222 | Swamp:1  | 23222 ||| INVOKING Heroism.
 23231 | Swamp:1  | Killed a thorn hunter
 23254 | Swamp:1  | 23254 ||| READING scroll of brand weapon.
 23254 | Swamp:1  | 23254 ||| BRANDING +3 broad axe of electrocution.
 23286 | Swamp:1  | 23286 ||| DROPPING +1 hat.
 23287 | Swamp:1  | 23287 ||| UPGRADING to +1 helmet.
 23297 | Swamp:1  | 23297 ||| DROPPING +0 helmet.
 23387 | Swamp:2  | 23387 ||| INVOKING Heroism.
 23545 | Swamp:2  | You are sucked into a shaft and drop 1 floor!
 23546 | Swamp:3  | 23546 ||| Stepping ~*~*~tactically~*~*~ (hiding).
 23649 | Swamp:3  | 23649 ||| INVOKING Heroism.
 23670 | Swamp:3  | Noticed a fenstrider witch
 23672 | Swamp:3  | Received a gift from Okawaru
 23677 | Swamp:3  | 23677 ||| INVOKING Heroism.
 23681 | Swamp:3  | Killed a fenstrider witch
 23755 | Swamp:3  | 23755 ||| Stepping ~*~*~tactically~*~*~ (stealth).
 23762 | Swamp:3  | 23762 ||| Stepping ~*~*~tactically~*~*~ (stealth).
 23763 | Swamp:3  | 23763 ||| INVOKING Heroism.
 23764 | Swamp:3  | 23764 ||| INVOKING Finesse.
 23767 | Swamp:3  | 23767 ||| SWAPPING to +4 morningstar.
 23770 | Swamp:3  | 23770 ||| SWAPPING to +3 heavy broad axe.
 23822 | Swamp:3  | 23822 ||| READING 18 scrolls of identify.
 23822 | Swamp:3  | 23822 ||| IDENTIFYING black potion
 23920 | Swamp:2  | 23920 ||| INVOKING Heroism.
 23921 | Swamp:2  | 23921 ||| INVOKING Finesse.
 23925 | Swamp:2  | 23925 ||| SWAPPING to +4 morningstar.
 23939 | Swamp:2  | 23939 ||| SWAPPING to +3 heavy broad axe.
 24148 | Swamp:2  | Reached XP level 17. HP: 91/106 MP: 24/24
 24148 | Swamp:2  | 24148 ||| FLEEEEING.
 24149 | Swamp:2  | 24149 ||| FLEEEEING.
 24150 | Swamp:2  | 24150 ||| FLEEEEING.
 24151 | Swamp:2  | 24151 ||| FLEEEEING.
 24152 | Swamp:2  | 24152 ||| FLEEEEING.
 24153 | Swamp:2  | 24153 ||| FLEEEEING.
 24154 | Swamp:2  | 24154 ||| FLEEEEING.
 24155 | Swamp:2  | 24155 ||| FLEEEEING.
 24156 | Swamp:2  | 24156 ||| FLEEEEING.
 24157 | Swamp:2  | 24157 ||| FLEEEEING.
 24158 | Swamp:2  | 24158 ||| FLEEEEING.
 24159 | Swamp:2  | 24159 ||| FLEEEEING.
 24239 | Swamp:2  | 24239 ||| INVOKING Heroism.
 24243 | Swamp:2  | 24243 ||| SWAPPING to +4 morningstar.
 24247 | Swamp:2  | 24247 ||| SWAPPING to +3 heavy broad axe.
 24303 | Swamp:2  | 24303 ||| INVOKING Heroism.
 24315 | Swamp:2  | 24315 ||| Stepping ~*~*~tactically~*~*~ (cloud).
 24554 | Swamp:2  | 24554 ||| INVOKING Heroism.
 24555 | Swamp:2  | 24555 ||| SWAPPING to +4 morningstar.
 24566 | Swamp:2  | 24566 ||| SWAPPING to +3 heavy broad axe.
 24587 | Swamp:2  | Noticed a tentacled monstrosity
 24588 | Swamp:2  | 24588 ||| INVOKING Heroism.
 24595 | Swamp:2  | 24595 ||| SWAPPING to +4 morningstar.
 24601 | Swamp:2  | Killed a tentacled monstrosity
 24610 | Swamp:2  | 24610 ||| SWAPPING to +3 heavy broad axe.
 24753 | Swamp:2  | 24753 ||| READING 19 scrolls of identify.
 24753 | Swamp:2  | 24753 ||| IDENTIFYING bubbling amethyst potion
 24788 | Swamp:3  | 24788 ||| Stepping ~*~*~tactically~*~*~ (stealth).
 24824 | Swamp:3  | 24824 ||| READING scroll of enchant weapon.
 24824 | Swamp:3  | 24824 ||| ENCHANTING +3 heavy broad axe.
 24880 | Swamp:3  | 24880 ||| INVOKING Heroism.
 24887 | Swamp:3  | Reached skill level 15 in Armour
 24905 | Swamp:3  | 24905 ||| READING scroll of enchant armour.
 24905 | Swamp:3  | 24905 ||| ENCHANTING +2 crystal plate armour.
 24926 | Swamp:3  | 24926 ||| Stepping ~*~*~tactically~*~*~ (hiding).
 24928 | Swamp:3  | 24928 ||| Stepping ~*~*~tactically~*~*~ (hiding).
 24937 | Swamp:3  | 24937 ||| SWAPPING to +4 morningstar.
 24942 | Swamp:3  | 24942 ||| SWAPPING to +4 heavy broad axe.
 25201 | Swamp:3  | 25201 ||| PLANNING SNAKE:1-3
 25201 | Swamp:3  | 25201 ||| DROPPING +2 plate armour of cold resistance.
 25268 | Snake:1  | Entered Level 1 of the Snake Pit
 25304 | Snake:1  | 25304 ||| Stepping ~*~*~tactically~*~*~ (hiding).
 25311 | Snake:1  | 25311 ||| INVOKING Heroism.
 25350 | Snake:1  | Noticed Kirke
 25351 | Snake:1  | 25351 ||| Stepping ~*~*~tactically~*~*~ (stealth).
 25362 | Snake:1  | Killed Kirke
 25362 | Snake:1  | Received a gift from Okawaru
 25399 | Snake:1  | 25399 ||| Stepping ~*~*~tactically~*~*~ (hiding).
 25404 | Snake:1  | 25404 ||| Stepping ~*~*~tactically~*~*~ (hiding).
 25405 | Snake:1  | 25405 ||| Stepping ~*~*~tactically~*~*~ (hiding).
 25557 | Snake:1  | Noticed Donald
 25558 | Snake:1  | 25558 ||| INVOKING Heroism.
 25569 | Snake:1  | Killed Donald
 25595 | Snake:1  | 25595 ||| DROPPING +4 morningstar.
 25757 | Snake:1  | Identified the +7 lajatang of Sumeulini {freeze, Will+
                  | Str-4 Int+9 SInv}
 25762 | Snake:1  | 25762 ||| Stepping ~*~*~tactically~*~*~ (hiding).
 25763 | Snake:1  | 25763 ||| Stepping ~*~*~tactically~*~*~ (hiding).
 26130 | Snake:1  | 26130 ||| DROPPING amulet of guardian spirit.
 26194 | Snake:2  | Received a gift from Okawaru
 26248 | Snake:2  | 26248 ||| Stepping ~*~*~tactically~*~*~ (hiding).
 26371 | Snake:2  | 26371 ||| READING scroll of enchant weapon.
 26371 | Snake:2  | 26371 ||| ENCHANTING +4 heavy broad axe.
 26464 | Snake:2  | 26464 ||| INVOKING Heroism.
 26694 | Snake:2  | 26694 ||| Stepping ~*~*~tactically~*~*~ (hiding).
 26701 | Snake:2  | Received a gift from Okawaru
 26740 | Snake:2  | 26740 ||| Stepping ~*~*~tactically~*~*~ (hiding).
 26767 | Snake:2  | 26767 ||| INVOKING Heroism.
 26833 | Snake:2  | 26833 ||| Stepping ~*~*~tactically~*~*~ (stealth).
 26835 | Snake:2  | 26835 ||| Stepping ~*~*~tactically~*~*~ (hiding).
 26931 | Snake:2  | 26931 ||| Stepping ~*~*~tactically~*~*~ (hiding).
 26934 | Snake:2  | 26934 ||| Stepping ~*~*~tactically~*~*~ (hiding).
 26938 | Snake:2  | 26938 ||| Stepping ~*~*~tactically~*~*~ (hiding).
 26939 | Snake:2  | 26939 ||| Stepping ~*~*~tactically~*~*~ (hiding).
 26940 | Snake:2  | 26940 ||| Stepping ~*~*~tactically~*~*~ (stealth).
 26944 | Snake:2  | 26944 ||| INVOKING Heroism.
 27270 | Snake:3  | 27270 ||| Stepping ~*~*~tactically~*~*~ (hiding).
 27383 | Snake:3  | 27383 ||| Stepping ~*~*~tactically~*~*~ (hiding).
 27471 | Snake:3  | 27471 ||| INVOKING Heroism.
 27577 | Snake:3  | 27577 ||| Stepping ~*~*~tactically~*~*~ (stealth).
 27579 | Snake:3  | 27579 ||| Stepping ~*~*~tactically~*~*~ (hiding).
 27588 | Snake:3  | 27588 ||| INVOKING Heroism.
 27658 | Snake:3  | 27658 ||| INVOKING Heroism.
 27661 | Snake:3  | HP: 23/108 [salamander/+4 spear (10)]
 27662 | Snake:3  | 27662 ||| READING 8 scrolls of teleportation.
 27663 | Snake:3  | 27663 ||| DRINKING 8 potions of heal wounds.
 27679 | Snake:3  | HP: 26/108 [salamander mystic/bolt of magma (12)]
 27680 | Snake:3  | 27680 ||| READING 7 scrolls of teleportation.
 27681 | Snake:3  | 27681 ||| DRINKING 7 potions of heal wounds.
 27696 | Snake:3  | 27696 ||| INVOKING Heroism.
 27702 | Snake:3  | 27702 ||| Stepping ~*~*~tactically~*~*~ (hiding).
 27704 | Snake:3  | 27704 ||| Stepping ~*~*~tactically~*~*~ (hiding).
 27705 | Snake:3  | 27705 ||| Stepping ~*~*~tactically~*~*~ (stealth).
 27710 | Snake:3  | 27710 ||| Stepping ~*~*~tactically~*~*~ (hiding).
 27735 | Snake:3  | 27735 ||| Stepping ~*~*~tactically~*~*~ (stealth).
 27837 | Snake:3  | 27837 ||| Stepping ~*~*~tactically~*~*~ (stealth).
 27838 | Snake:3  | 27838 ||| Stepping ~*~*~tactically~*~*~ (stealth).
 27839 | Snake:3  | 27839 ||| Stepping ~*~*~tactically~*~*~ (stealth).
 27872 | Snake:3  | Received a gift from Okawaru
 27933 | Snake:3  | Found a runed translucent door.
 27934 | Snake:3  | Noticed Liforeniyw's ghost (adept MiBe)
 27945 | Snake:3  | 27945 ||| Stepping ~*~*~tactically~*~*~ (stealth).
 28042 | Snake:3  | 28042 ||| Stepping ~*~*~tactically~*~*~ (hiding).
 28054 | Snake:3  | Reached XP level 18. HP: 99/114 MP: 25/25
 28091 | Snake:3  | 28091 ||| DROPPING +0 eveningstar.
 28101 | Snake:3  | 28101 ||| Stepping ~*~*~tactically~*~*~ (hiding).
 28107 | Snake:3  | 28107 ||| INVOKING Heroism.
 28246 | Snake:3  | 28246 ||| PLANNING SWAMP:4
 28371 | Swamp:4  | Entered Level 4 of the Swamp
 28374 | Swamp:4  | 28374 ||| INVOKING Heroism.
 28386 | Swamp:4  | Received a gift from Okawaru
 28393 | Swamp:4  | HP: 24/114 [acid (8)]
 28394 | Swamp:4  | 28394 ||| READING 7 scrolls of teleportation.
 28395 | Swamp:4  | 28395 ||| DRINKING 6 potions of heal wounds.
 28396 | Swamp:4  | 28396 ||| DRINKING 5 potions of heal wounds.
 28411 | Swamp:4  | 28411 ||| Stepping ~*~*~tactically~*~*~ (stealth).
 28413 | Swamp:4  | 28413 ||| Stepping ~*~*~tactically~*~*~ (stealth).
 28416 | Swamp:4  | 28416 ||| Stepping ~*~*~tactically~*~*~ (stealth).
 28483 | Swamp:4  | 28483 ||| Stepping ~*~*~tactically~*~*~ (stealth).
 28485 | Swamp:4  | 28485 ||| Stepping ~*~*~tactically~*~*~ (cloud).
 28487 | Swamp:4  | 28487 ||| INVOKING Heroism.
 28527 | Swamp:4  | 28527 ||| Stepping ~*~*~tactically~*~*~ (stealth).
 28528 | Swamp:4  | 28528 ||| INVOKING Heroism.
 28566 | Swamp:4  | 28566 ||| INVOKING Heroism.
 28599 | Swamp:4  | 28599 ||| Stepping ~*~*~tactically~*~*~ (hiding).
 28728 | Swamp:4  | 28728 ||| Stepping ~*~*~tactically~*~*~ (stealth).
 28743 | Swamp:4  | 28743 ||| INVOKING Heroism.
 28759 | Swamp:4  | 28759 ||| Stepping ~*~*~tactically~*~*~ (cloud).
 28782 | Swamp:4  | 28782 ||| INVOKING Heroism.
 28912 | Swamp:4  | 28912 ||| Stepping ~*~*~tactically~*~*~ (stealth).
 28913 | Swamp:4  | 28913 ||| Stepping ~*~*~tactically~*~*~ (stealth).
 28914 | Swamp:4  | 28914 ||| Stepping ~*~*~tactically~*~*~ (stealth).
 28916 | Swamp:4  | 28916 ||| Stepping ~*~*~tactically~*~*~ (hiding).
 29040 | Swamp:4  | 29040 ||| INVOKING Heroism.
 29073 | Swamp:4  | 29073 ||| INVOKING Heroism.
 29109 | Swamp:4  | 29109 ||| INVOKING Heroism.
 29359 | Swamp:4  | Got a decaying rune of Zot
 29378 | Swamp:4  | 29378 ||| Stepping ~*~*~tactically~*~*~ (hiding).
 29645 | Swamp:4  | 29645 ||| PLANNING VAULTS:1-4
 29857 | Vaults:1 | Entered Level 1 of the Vaults
 29927 | Vaults:1 | 29927 ||| INVOKING Heroism.
 29940 | Vaults:1 | Received a gift from Okawaru
 30058 | Vaults:1 | Reached skill level 18 in Axes
 30076 | Vaults:1 | 30076 ||| Stepping ~*~*~tactically~*~*~ (stealth).
 30087 | Vaults:1 | 30087 ||| READING scroll of enchant weapon.
 30087 | Vaults:1 | 30087 ||| ENCHANTING +5 heavy broad axe.
 30340 | Vaults:1 | 30340 ||| INVOKING Heroism.
 30343 | Vaults:1 | Received a gift from Okawaru
 30607 | Vaults:1 | 30607 ||| FLEEEEING.
 30608 | Vaults:1 | 30608 ||| FLEEEEING.
 30609 | Vaults:1 | 30609 ||| Stepping ~*~*~tactically~*~*~ (hiding).
 30613 | Vaults:1 | 30613 ||| Stepping ~*~*~tactically~*~*~ (hiding).
 30630 | Vaults:1 | 30630 ||| FLEEEEING.
 30639 | Vaults:1 | Received a gift from Okawaru
 30654 | Vaults:1 | 30654 ||| FLEEEEING.
 30655 | Vaults:1 | 30655 ||| FLEEEEING.
 30656 | Vaults:1 | 30656 ||| FLEEEEING.
 30657 | Vaults:1 | 30657 ||| FLEEEEING.
 30658 | Vaults:1 | 30658 ||| FLEEEEING.
 30659 | Vaults:1 | 30659 ||| FLEEEEING.
 30660 | Vaults:1 | 30660 ||| FLEEEEING.
 30661 | Vaults:1 | 30661 ||| FLEEEEING.
 30662 | Vaults:1 | 30662 ||| FLEEEEING.
 30663 | Vaults:1 | 30663 ||| FLEEEEING.
 30664 | Vaults:1 | 30664 ||| FLEEEEING.
 30665 | Vaults:1 | 30665 ||| FLEEEEING.
 30666 | Vaults:1 | 30666 ||| FLEEEEING.
 30667 | Vaults:1 | 30667 ||| FLEEEEING.
 30668 | Vaults:1 | 30668 ||| FLEEEEING.
 30669 | Vaults:1 | 30669 ||| FLEEEEING.
 30670 | Vaults:1 | 30670 ||| FLEEEEING.
 30671 | Vaults:1 | 30671 ||| FLEEEEING.
 30675 | Vaults:1 | 30675 ||| FLEEEEING.
 30676 | Vaults:1 | 30676 ||| FLEEEEING.
 30953 | Vaults:1 | Reached XP level 19. HP: 97/121 MP: 26/26
 30968 | Vaults:1 | 30968 ||| INVOKING Heroism.
 30974 | Vaults:1 | Reached skill level 18 in Shields
 31071 | Vaults:1 | 31071 ||| Stepping ~*~*~tactically~*~*~ (stealth).
 31179 | Vaults:1 | 31179 ||| Stepping ~*~*~tactically~*~*~ (stealth).
 31210 | Vaults:1 | 31210 ||| FLEEEEING.
 31211 | Vaults:1 | 31211 ||| FLEEEEING.
 31212 | Vaults:1 | 31212 ||| FLEEEEING.
 31213 | Vaults:1 | 31213 ||| FLEEEEING.
 31214 | Vaults:1 | 31214 ||| FLEEEEING.
 31215 | Vaults:1 | 31215 ||| FLEEEEING.
 31216 | Vaults:1 | 31216 ||| FLEEEEING.
 31217 | Vaults:1 | 31217 ||| FLEEEEING.
 31218 | Vaults:1 | 31218 ||| FLEEEEING.
 31219 | Vaults:1 | 31219 ||| FLEEEEING.
 31221 | Vaults:1 | 31221 ||| Stepping ~*~*~tactically~*~*~ (hiding).
 31223 | Vaults:1 | 31223 ||| Stepping ~*~*~tactically~*~*~ (hiding).
 31230 | Vaults:1 | 31230 ||| FLEEEEING.
 31231 | Vaults:1 | 31231 ||| FLEEEEING.
 31232 | Vaults:1 | 31232 ||| FLEEEEING.
 31233 | Vaults:1 | 31233 ||| FLEEEEING.
 31234 | Vaults:1 | 31234 ||| FLEEEEING.
 31236 | Vaults:1 | 31236 ||| FLEEEEING.
 31237 | Vaults:1 | 31237 ||| FLEEEEING.
 31238 | Vaults:1 | 31238 ||| FLEEEEING.
 31239 | Vaults:1 | 31239 ||| FLEEEEING.
 31240 | Vaults:1 | 31240 ||| FLEEEEING.
 31241 | Vaults:1 | 31241 ||| STAIRDANCE
 31372 | Vaults:1 | 31372 ||| FLEEEEING.
 31373 | Vaults:1 | 31373 ||| FLEEEEING.
 31374 | Vaults:1 | 31374 ||| FLEEEEING.
 31375 | Vaults:1 | 31375 ||| FLEEEEING.
 31376 | Vaults:1 | 31376 ||| FLEEEEING.
 31377 | Vaults:1 | 31377 ||| FLEEEEING.
 31378 | Vaults:1 | 31378 ||| FLEEEEING.
 31379 | Vaults:1 | 31379 ||| FLEEEEING.
 31380 | Vaults:1 | 31380 ||| FLEEEEING.
 31381 | Vaults:1 | 31381 ||| FLEEEEING.
 31382 | Vaults:1 | 31382 ||| FLEEEEING.
 31383 | Vaults:1 | 31383 ||| FLEEEEING.
 31384 | Vaults:1 | 31384 ||| FLEEEEING.
 31387 | Vaults:1 | 31387 ||| FLEEEEING.
 31388 | Vaults:1 | 31388 ||| FLEEEEING.
 31389 | Vaults:1 | 31389 ||| FLEEEEING.
 31393 | Vaults:1 | 31393 ||| FLEEEEING.
 31394 | Vaults:1 | 31394 ||| FLEEEEING.
 31401 | Vaults:1 | Identified the +9 broad axe "Qaehimmuth" {freeze, rC+ Will+
                  | Int+3 Dex-3} (Okawaru gifted it to you on level 1 of the
                  | Vaults)
 31401 | Vaults:1 | Received a gift from Okawaru
 31403 | Vaults:1 | 31403 ||| STAIRDANCE
 31451 | Vaults:1 | 31451 ||| SWAPPING to +9 broad axe "Qaehimmuth" {freeze,
                  | rC+ Will+ Int+3 Dex-3}.
 31878 | Vaults:1 | 31878 ||| Stepping ~*~*~tactically~*~*~ (hiding).
 32120 | Vaults:2 | Reached ****** piety under Okawaru
 32131 | Vaults:2 | 32131 ||| INVOKING Heroism.
 32135 | Vaults:2 | Reached skill level 18 in Armour
 32184 | Vaults:2 | 32184 ||| FLEEEEING.
 32185 | Vaults:2 | 32185 ||| FLEEEEING.
 32186 | Vaults:2 | 32186 ||| FLEEEEING.
 32187 | Vaults:2 | 32187 ||| STAIRDANCE
 32380 | Vaults:2 | 32380 ||| Stepping ~*~*~tactically~*~*~ (hiding).
 32393 | Vaults:2 | 32393 ||| Stepping ~*~*~tactically~*~*~ (stealth).
 32394 | Vaults:2 | 32394 ||| Stepping ~*~*~tactically~*~*~ (stealth).
 32395 | Vaults:2 | 32395 ||| Stepping ~*~*~tactically~*~*~ (stealth).
 32396 | Vaults:2 | 32396 ||| Stepping ~*~*~tactically~*~*~ (stealth).
 32681 | Vaults:2 | Reached skill level 15 in Fighting
 32793 | Vaults:2 | 32793 ||| Stepping ~*~*~tactically~*~*~ (hiding).
 32814 | Vaults:2 | Received a gift from Okawaru
 33014 | Vaults:2 | 33014 ||| Stepping ~*~*~tactically~*~*~ (hiding).
 33048 | Vaults:2 | 33048 ||| INVOKING Heroism.
 33051 | Vaults:2 | 33051 ||| Stepping ~*~*~tactically~*~*~ (hiding).
 33275 | Vaults:2 | 33275 ||| Stepping ~*~*~tactically~*~*~ (hiding).
 33278 | Vaults:2 | 33278 ||| Stepping ~*~*~tactically~*~*~ (hiding).
 33470 | Vaults:2 | 33470 ||| UPGRADING to amulet of faith.
 33480 | Vaults:2 | 33480 ||| DROPPING ring of ice.
 33524 | Vaults:3 | 33524 ||| PLANNING DESOLATION
 33554 | Vaults:3 | 33554 ||| Stepping ~*~*~tactically~*~*~ (hiding).
 33660 | Vaults:3 | 33660 ||| Stepping ~*~*~tactically~*~*~ (stealth).
 33673 | Vaults:3 | 33673 ||| Stepping ~*~*~tactically~*~*~ (stealth).
 33675 | Vaults:3 | 33675 ||| Stepping ~*~*~tactically~*~*~ (hiding).
 33819 | Vaults:3 | 33819 ||| Stepping ~*~*~tactically~*~*~ (hiding).
 33820 | Vaults:3 | 33820 ||| Stepping ~*~*~tactically~*~*~ (hiding).
 33821 | Vaults:3 | 33821 ||| Stepping ~*~*~tactically~*~*~ (hiding).
 33822 | Vaults:3 | 33822 ||| Stepping ~*~*~tactically~*~*~ (hiding).
 33839 | Vaults:3 | 33839 ||| INVOKING Heroism.
 34088 | Vaults:3 | 34088 ||| INVOKING Heroism.
 34090 | Vaults:3 | Reached XP level 20. HP: 82/129 MP: 24/27
 34090 | Vaults:3 | Received a gift from Okawaru
 34220 | Vaults:3 | 34220 ||| RIP DESOLATION
 34242 | Vaults:3 | 34242 ||| PLANNING VAULTS:1-4
 34243 | Vaults:3 | 34243 ||| DROPPING +5 broad axe of freezing.
 34401 | Vaults:3 | 34401 ||| Stepping ~*~*~tactically~*~*~ (hiding).
 34439 | Vaults:3 | 34439 ||| Stepping ~*~*~tactically~*~*~ (hiding).
 34440 | Vaults:3 | 34440 ||| Stepping ~*~*~tactically~*~*~ (hiding).
 34464 | Vaults:3 | 34464 ||| FLEEEEING.
 34465 | Vaults:3 | 34465 ||| FLEEEEING.
 34466 | Vaults:3 | 34466 ||| FLEEEEING.
 34467 | Vaults:3 | 34467 ||| FLEEEEING.
 34469 | Vaults:3 | 34469 ||| FLEEEEING.
 34474 | Vaults:3 | 34474 ||| FLEEEEING.
 34483 | Vaults:3 | 34483 ||| FLEEEEING.
 34484 | Vaults:3 | Noticed Frederick
 34485 | Vaults:3 | 34485 ||| INVOKING Heroism.
 34486 | Vaults:3 | 34486 ||| INVOKING Finesse.
 34498 | Vaults:3 | Reached skill level 9 in Throwing
 34513 | Vaults:3 | Killed Frederick
 34536 | Vaults:3 | Received a gift from Okawaru
 34884 | Vaults:3 | 34884 ||| Stepping ~*~*~tactically~*~*~ (hiding).
 34953 | Vaults:3 | Noticed Nikola
 34963 | Vaults:3 | 34963 ||| INVOKING Heroism.
 34968 | Vaults:3 | Killed Nikola
 35415 | Vaults:3 | 35415 ||| Stepping ~*~*~tactically~*~*~ (stealth).
 35416 | Vaults:3 | 35416 ||| Stepping ~*~*~tactically~*~*~ (stealth).
 35417 | Vaults:3 | 35417 ||| Stepping ~*~*~tactically~*~*~ (stealth).
 35419 | Vaults:3 | Noticed Margery
 35420 | Vaults:3 | 35420 ||| DRINKING potion of resistance.
 35422 | Vaults:3 | 35422 ||| INVOKING Heroism.
 35423 | Vaults:3 | 35423 ||| INVOKING Finesse.
 35429 | Vaults:3 | Killed Margery
 35512 | Vaults:3 | 35512 ||| Stepping ~*~*~tactically~*~*~ (stealth).
 35575 | Vaults:3 | Found a staircase to the Crypt.
 35632 | Vaults:3 | 35632 ||| DROPPING scarf of repulsion.
 35633 | Vaults:3 | 35633 ||| UPGRADING to +1 helmet of see invisible.
 35643 | Vaults:3 | 35643 ||| DROPPING +1 helmet.
 35644 | Vaults:3 | 35644 ||| DROPPING +6 ring of strength.
 35721 | Vaults:4 | 35721 ||| Stepping ~*~*~tactically~*~*~ (hiding).
 35796 | Vaults:4 | 35796 ||| Stepping ~*~*~tactically~*~*~ (hiding).
 35806 | Vaults:4 | 35806 ||| INVOKING Heroism.
 35807 | Vaults:4 | 35807 ||| INVOKING Finesse.
 35882 | Vaults:4 | 35882 ||| INVOKING Heroism.
 35928 | Vaults:4 | Noticed Saint Roka
 35928 | Vaults:4 | 35928 ||| Stepping ~*~*~tactically~*~*~ (stealth).
 35938 | Vaults:4 | Killed Saint Roka
 35949 | Vaults:4 | 35949 ||| Stepping ~*~*~tactically~*~*~ (hiding).
 35953 | Vaults:4 | 35953 ||| INVOKING Heroism.
 35993 | Vaults:4 | 35993 ||| Stepping ~*~*~tactically~*~*~ (cloud).
 36117 | Vaults:4 | 36117 ||| READING scroll of enchant armour.
 36117 | Vaults:4 | 36117 ||| ENCHANTING +3 crystal plate armour.
 36510 | Vaults:4 | 36510 ||| Stepping ~*~*~tactically~*~*~ (stealth).
 36618 | Vaults:4 | Received a gift from Okawaru
 36635 | Vaults:4 | 36635 ||| Stepping ~*~*~tactically~*~*~ (stealth).
 36762 | Vaults:4 | 36762 ||| Stepping ~*~*~tactically~*~*~ (stealth).
 36814 | Vaults:4 | 36814 ||| Stepping ~*~*~tactically~*~*~ (stealth).
 36816 | Vaults:4 | 36816 ||| Stepping ~*~*~tactically~*~*~ (stealth).
 36882 | Vaults:4 | 36882 ||| Stepping ~*~*~tactically~*~*~ (hiding).
 36889 | Vaults:4 | Received a gift from Okawaru
 37002 | Vaults:4 | 37002 ||| Stepping ~*~*~tactically~*~*~ (stealth).
 37006 | Vaults:4 | 37006 ||| Stepping ~*~*~tactically~*~*~ (stealth).
 37009 | Vaults:4 | 37009 ||| Stepping ~*~*~tactically~*~*~ (stealth).
 37189 | Vaults:4 | 37189 ||| Stepping ~*~*~tactically~*~*~ (hiding).
 37191 | Vaults:4 | 37191 ||| Stepping ~*~*~tactically~*~*~ (hiding).
 37192 | Vaults:4 | 37192 ||| Stepping ~*~*~tactically~*~*~ (hiding).
 37335 | Vaults:4 | Reached XP level 21. HP: 139/139 MP: 28/28
 37470 | Vaults:4 | 37470 ||| PLANNING SNAKE:4
 37470 | Vaults:4 | 37470 ||| UPGRADING to +4 ring of protection.
 37555 | Vaults:2 | 37555 ||| Stepping ~*~*~tactically~*~*~ (stealth).
 37556 | Vaults:2 | 37556 ||| Stepping ~*~*~tactically~*~*~ (stealth).
 37557 | Vaults:2 | 37557 ||| Stepping ~*~*~tactically~*~*~ (stealth).
 37851 | Snake:4  | Entered Level 4 of the Snake Pit
 37975 | Snake:4  | Identified the +0 acid dragon scales of the Amoeba {Will+
                  | rCorr Dex+4} (Okawaru gifted it to you on level 4 of the
                  | Snake Pit)
 37975 | Snake:4  | Received a gift from Okawaru
 38058 | Snake:4  | Noticed Mara
 38059 | Snake:4  | 38059 ||| INVOKING Heroism.
 38060 | Snake:4  | 38060 ||| INVOKING Finesse.
 38063 | Snake:4  | Noticed qw's illusion
 38085 | Snake:4  | Killed Mara
 38254 | Snake:4  | 38254 ||| Stepping ~*~*~tactically~*~*~ (hiding).
 38255 | Snake:4  | 38255 ||| Stepping ~*~*~tactically~*~*~ (hiding).
 38382 | Snake:4  | Noticed Agnes
 38394 | Snake:4  | Killed Agnes
 38484 | Snake:4  | 38484 ||| Stepping ~*~*~tactically~*~*~ (hiding).
 38486 | Snake:4  | 38486 ||| Stepping ~*~*~tactically~*~*~ (hiding).
 38488 | Snake:4  | 38488 ||| Stepping ~*~*~tactically~*~*~ (hiding).
 38489 | Snake:4  | 38489 ||| Stepping ~*~*~tactically~*~*~ (hiding).
 38500 | Snake:4  | 38500 ||| Stepping ~*~*~tactically~*~*~ (stealth).
 38520 | Snake:4  | 38520 ||| Stepping ~*~*~tactically~*~*~ (hiding).
 38521 | Snake:4  | 38521 ||| Stepping ~*~*~tactically~*~*~ (hiding).
 38523 | Snake:4  | 38523 ||| Stepping ~*~*~tactically~*~*~ (hiding).
 38526 | Snake:4  | 38526 ||| Stepping ~*~*~tactically~*~*~ (hiding).
 38528 | Snake:4  | 38528 ||| Stepping ~*~*~tactically~*~*~ (hiding).
 38536 | Snake:4  | Noticed Vashnia
 38580 | Snake:4  | 38580 ||| Stepping ~*~*~tactically~*~*~ (hiding).
 38585 | Snake:4  | 38585 ||| STAIRDANCE
 38633 | Snake:3  | 38633 ||| DROPPING +0 acid dragon scales of the Amoeba
                  | {Will+ rCorr Dex+4}.
 38699 | Snake:4  | 38699 ||| Stepping ~*~*~tactically~*~*~ (hiding).
 38811 | Snake:4  | Found Hercha's Jewellery Shoppe.
 38812 | Snake:4  | 38812 ||| Stepping ~*~*~tactically~*~*~ (stealth).
 38863 | Snake:4  | 38863 ||| BUYING +5 ring of evasion (504 gold).
 38863 | Snake:4  | Bought a +5 ring of evasion for 504 gold pieces
 38863 | Snake:4  | 38863 ||| SHOPLISTING amulet of Vitality {RegenMP++
                  | Regen++} (1400 gold, have 1058).
 38863 | Snake:4  | 38863 ||| SHOPLISTING ring "Notwuet" {rC+++ MP+9 AC+4 Dex+7
                  | Stlth-} (1499 gold, have 1058).
 39003 | Snake:4  | 39003 ||| Stepping ~*~*~tactically~*~*~ (stealth).
 39005 | Snake:4  | 39005 ||| Stepping ~*~*~tactically~*~*~ (stealth).
 39016 | Snake:4  | 39016 ||| INVOKING Heroism.
 39297 | Snake:4  | 39297 ||| FLEEEEING.
 39298 | Snake:4  | 39298 ||| FLEEEEING.
 39299 | Snake:4  | 39299 ||| FLEEEEING.
 39300 | Snake:4  | 39300 ||| FLEEEEING.
 39301 | Snake:4  | 39301 ||| FLEEEEING.
 39304 | Snake:4  | 39304 ||| FLEEEEING.
 39305 | Snake:4  | 39305 ||| FLEEEEING.
 39306 | Snake:4  | 39306 ||| FLEEEEING.
 39308 | Snake:4  | 39308 ||| FLEEEEING.
 39313 | Snake:4  | 39313 ||| STAIRDANCE
 39436 | Snake:3  | 39436 ||| UPGRADING to +5 ring of evasion.
 39438 | Snake:3  | 39438 ||| DROPPING +4 ring of protection.
 39550 | Snake:4  | 39550 ||| Stepping ~*~*~tactically~*~*~ (hiding).
 39551 | Snake:4  | 39551 ||| Stepping ~*~*~tactically~*~*~ (hiding).
 39552 | Snake:4  | 39552 ||| Stepping ~*~*~tactically~*~*~ (hiding).
 39553 | Snake:4  | 39553 ||| Stepping ~*~*~tactically~*~*~ (hiding).
 39711 | Snake:4  | Got a serpentine rune of Zot
 39803 | Snake:4  | 39803 ||| PLANNING DEPTHS
 40100 | Depths:1 | Entered Level 1 of the Depths
 40101 | Depths:1 | 40101 ||| Stepping ~*~*~tactically~*~*~ (hiding).
 40103 | Depths:1 | 40103 ||| Stepping ~*~*~tactically~*~*~ (hiding).
 40104 | Depths:1 | Found a gateway to Hell.
 40117 | Depths:1 | Reached skill level 21 in Armour
 40122 | Depths:1 | 40122 ||| INVOKING Heroism.
 40329 | Depths:1 | Found a one-way gateway to a ziggurat.
 40344 | Depths:1 | Found a one-way gate leading to the halls of Pandemonium.
 40501 | Depths:1 | Found a stormy altar of Qazlal.
 40534 | Depths:1 | Received a gift from Okawaru
 40552 | Depths:1 | Found Plog's Self-Improvement Boutique.
 40571 | Depths:1 | 40571 ||| INVOKING Heroism.
 40572 | Depths:1 | 40572 ||| INVOKING Finesse.
 40625 | Depths:1 | Received a gift from Okawaru
 40742 | Depths:1 | Reached skill level 18 in Fighting
 40914 | Depths:2 | 40914 ||| INVOKING Heroism.
 40935 | Depths:2 | 40935 ||| INVOKING Heroism.
 41128 | Depths:2 | 41128 ||| INVOKING Heroism.
 41129 | Depths:2 | 41129 ||| INVOKING Finesse.
 41201 | Depths:2 | Found a sparkling altar of Nemelex Xobeh.
 41235 | Depths:2 | 41235 ||| INVOKING Heroism.
 41236 | Depths:2 | 41236 ||| INVOKING Finesse.
 41288 | Depths:2 | 41288 ||| Stepping ~*~*~tactically~*~*~ (hiding).
 41382 | Depths:2 | 41382 ||| Stepping ~*~*~tactically~*~*~ (hiding).
 41383 | Depths:2 | 41383 ||| Stepping ~*~*~tactically~*~*~ (hiding).
 41384 | Depths:2 | 41384 ||| INVOKING Heroism.
 41416 | Depths:2 | Received a gift from Okawaru
 41421 | Depths:2 | 41421 ||| INVOKING Heroism.
 41445 | Depths:2 | Received a gift from Okawaru
 41454 | Depths:2 | HP: 31/141 [walking earthen tome (16)]
 41455 | Depths:2 | 41455 ||| READING 13 scrolls of teleportation.
 41455 | Depths:2 | Paralysed by a floating eye for 2 turns
 41456 | Depths:2 | HP: 9/141 [stone giant (23)]
 41457 | Depths:2 | 41457 ||| DRINKING 5 potions of heal wounds.
 41738 | Depths:2 | 41738 ||| Stepping ~*~*~tactically~*~*~ (hiding).
 41747 | Depths:2 | Reached XP level 22. HP: 138/147 MP: 29/29
 41832 | Depths:2 | 41832 ||| Stepping ~*~*~tactically~*~*~ (stealth).
 41835 | Depths:2 | 41835 ||| Stepping ~*~*~tactically~*~*~ (stealth).
 41836 | Depths:2 | 41836 ||| Stepping ~*~*~tactically~*~*~ (stealth).
 41870 | Depths:2 | 41870 ||| Stepping ~*~*~tactically~*~*~ (stealth).
 41871 | Depths:2 | 41871 ||| Stepping ~*~*~tactically~*~*~ (stealth).
 41882 | Depths:2 | 41882 ||| Stepping ~*~*~tactically~*~*~ (hiding).
 41883 | Depths:2 | 41883 ||| Stepping ~*~*~tactically~*~*~ (hiding).
 41898 | Depths:2 | 41898 ||| FLEEEEING.
 41899 | Depths:2 | 41899 ||| FLEEEEING.
 41899 | Depths:2 | Paralysed by a floating eye for 2 turns
 41901 | Depths:2 | 41901 ||| FLEEEEING.
 41902 | Depths:2 | 41902 ||| FLEEEEING.
 41903 | Depths:2 | 41903 ||| FLEEEEING.
 41903 | Depths:2 | Paralysed by a floating eye for 3 turns
 42024 | Depths:2 | Identified the +7 scimitar "Giantbane" {heavy, rPois rCorr
                  | Str+5 Int-5}
 42025 | Depths:2 | 42025 ||| INVOKING Heroism.
 42088 | Depths:2 | 42088 ||| DROPPING +2 broad axe of flaming.
 42133 | Depths:2 | 42133 ||| Stepping ~*~*~tactically~*~*~ (stealth).
 42160 | Depths:2 | 42160 ||| Stepping ~*~*~tactically~*~*~ (stealth).
 42168 | Depths:2 | Received a gift from Okawaru
 42393 | Depths:2 | Found a one-way gate to the infinite horrors of the Abyss.
 42506 | Depths:3 | Noticed a golden dragon
 42507 | Depths:3 | 42507 ||| INVOKING Heroism.
 42523 | Depths:3 | Killed a golden dragon
 42553 | Depths:3 | Received a gift from Okawaru
 42569 | Depths:3 | 42569 ||| Stepping ~*~*~tactically~*~*~ (hiding).
 42570 | Depths:3 | 42570 ||| Stepping ~*~*~tactically~*~*~ (hiding).
 42591 | Depths:3 | 42591 ||| Stepping ~*~*~tactically~*~*~ (stealth).
 42616 | Depths:3 | 42616 ||| Stepping ~*~*~tactically~*~*~ (hiding).
 42618 | Depths:3 | 42618 ||| Stepping ~*~*~tactically~*~*~ (hiding).
 42652 | Depths:3 | 42652 ||| Stepping ~*~*~tactically~*~*~ (stealth).
 42653 | Depths:3 | 42653 ||| Stepping ~*~*~tactically~*~*~ (stealth).
 42766 | Depths:3 | 42766 ||| Stepping ~*~*~tactically~*~*~ (hiding).
 42839 | Depths:3 | Found a transporter.
 42839 | Depths:3 | Found Zegig's Weapon Shop.
 42874 | Depths:3 | 42874 ||| Stepping ~*~*~tactically~*~*~ (stealth).
 42879 | Depths:3 | 42879 ||| Stepping ~*~*~tactically~*~*~ (stealth).
 42881 | Depths:3 | 42881 ||| Stepping ~*~*~tactically~*~*~ (stealth).
 42883 | Depths:3 | 42883 ||| INVOKING Finesse.
 42897 | Depths:3 | Received a gift from Okawaru
 42920 | Depths:3 | 42920 ||| Stepping ~*~*~tactically~*~*~ (stealth).
 42921 | Depths:3 | 42921 ||| Stepping ~*~*~tactically~*~*~ (stealth).
 42929 | Depths:3 | 42929 ||| Stepping ~*~*~tactically~*~*~ (hiding).
 42931 | Depths:3 | 42931 ||| Stepping ~*~*~tactically~*~*~ (hiding).
 42932 | Depths:3 | 42932 ||| Stepping ~*~*~tactically~*~*~ (hiding).
 42933 | Depths:3 | 42933 ||| Stepping ~*~*~tactically~*~*~ (hiding).
 42934 | Depths:3 | 42934 ||| Stepping ~*~*~tactically~*~*~ (hiding).
 42935 | Depths:3 | 42935 ||| Stepping ~*~*~tactically~*~*~ (hiding).
 42983 | Depths:3 | 42983 ||| Stepping ~*~*~tactically~*~*~ (stealth).
 42986 | Depths:3 | 42986 ||| Stepping ~*~*~tactically~*~*~ (stealth).
 42988 | Depths:3 | 42988 ||| INVOKING Heroism.
 43054 | Depths:3 | 43054 ||| Stepping ~*~*~tactically~*~*~ (stealth).
 43064 | Depths:3 | Received a gift from Okawaru
 43126 | Depths:3 | 43126 ||| Stepping ~*~*~tactically~*~*~ (stealth).
 43267 | Depths:3 | 43267 ||| INVOKING Finesse.
 43279 | Depths:3 | Received a gift from Okawaru
 43454 | Depths:3 | 43454 ||| Stepping ~*~*~tactically~*~*~ (stealth).
 43456 | Depths:3 | 43456 ||| Stepping ~*~*~tactically~*~*~ (hiding).
 43523 | Depths:3 | Found a transporter.
 43623 | Depths:3 | 43623 ||| Stepping ~*~*~tactically~*~*~ (stealth).
 43705 | Depths:3 | Noticed a golden dragon
 43706 | Depths:3 | 43706 ||| Stepping ~*~*~tactically~*~*~ (cloud).
 43707 | Depths:3 | 43707 ||| INVOKING Heroism.
 43713 | Depths:3 | Killed a golden dragon
 43713 | Depths:3 | Received a gift from Okawaru
 43717 | Depths:3 | Noticed a caustic shrike
 43730 | Depths:3 | Killed a caustic shrike
 43968 | Depths:3 | Noticed a juggernaut
 43969 | Depths:3 | 43969 ||| INVOKING Heroism.
 43970 | Depths:3 | Received a gift from Okawaru
 43983 | Depths:3 | Killed a juggernaut
 44010 | Depths:3 | 44010 ||| READING scroll of acquirement.
 44010 | Depths:3 | 44010 ||| ACQUIRING 635 gold pieces
 44010 | Depths:3 | Acquired 635 gold pieces
 44038 | Depths:3 | 44038 ||| INVOKING Finesse.
 44049 | Depths:3 | Received a gift from Okawaru
 44052 | Depths:3 | 44052 ||| Stepping ~*~*~tactically~*~*~ (stealth).
 44057 | Depths:3 | 44057 ||| Stepping ~*~*~tactically~*~*~ (stealth).
 44058 | Depths:3 | 44058 ||| Stepping ~*~*~tactically~*~*~ (stealth).
 44059 | Depths:3 | 44059 ||| Stepping ~*~*~tactically~*~*~ (stealth).
 44069 | Depths:3 | 44069 ||| Stepping ~*~*~tactically~*~*~ (hiding).
 44080 | Depths:3 | 44080 ||| INVOKING Heroism.
 44136 | Depths:3 | 44136 ||| INVOKING Heroism.
 44159 | Depths:3 | 44159 ||| Stepping ~*~*~tactically~*~*~ (hiding).
 44171 | Depths:3 | 44171 ||| Stepping ~*~*~tactically~*~*~ (stealth).
 44171 | Depths:3 | Noticed a juggernaut
 44181 | Depths:3 | Killed a juggernaut
 44185 | Depths:3 | 44185 ||| Stepping ~*~*~tactically~*~*~ (stealth).
 44186 | Depths:3 | 44186 ||| Stepping ~*~*~tactically~*~*~ (stealth).
 44187 | Depths:3 | 44187 ||| Stepping ~*~*~tactically~*~*~ (stealth).
 44188 | Depths:3 | 44188 ||| Stepping ~*~*~tactically~*~*~ (stealth).
 44226 | Depths:3 | Noticed a juggernaut
 44227 | Depths:3 | 44227 ||| INVOKING Heroism.
 44228 | Depths:3 | 44228 ||| INVOKING Finesse.
 44241 | Depths:3 | Killed a juggernaut
 44387 | Depths:3 | 44387 ||| INVOKING Heroism.
 44392 | Depths:3 | 44392 ||| Stepping ~*~*~tactically~*~*~ (stealth).
 44425 | Depths:3 | Noticed a juggernaut
 44436 | Depths:3 | Killed a juggernaut
 44440 | Depths:3 | 44440 ||| Stepping ~*~*~tactically~*~*~ (stealth).
 44521 | Depths:3 | 44521 ||| Stepping ~*~*~tactically~*~*~ (stealth).
 44579 | Depths:3 | Identified the +8 short sword of Gabim {drain, Will+
                  | Stlth+}
 44642 | Depths:4 | Entered Level 4 of the Depths
 44643 | Depths:4 | 44643 ||| INVOKING Heroism.
 44644 | Depths:4 | 44644 ||| INVOKING Finesse.
 44659 | Depths:4 | Reached XP level 23. HP: 76/156 MP: 24/30
 44659 | Depths:4 | 44659 ||| FLEEEEING.
 44660 | Depths:4 | 44660 ||| FLEEEEING.
 44661 | Depths:4 | 44661 ||| STAIRDANCE
 44837 | Depths:4 | 44837 ||| INVOKING Heroism.
 44838 | Depths:4 | 44838 ||| Stepping ~*~*~tactically~*~*~ (stealth).
 44865 | Depths:4 | 44865 ||| INVOKING Finesse.
 44870 | Depths:4 | Reached skill level 21 in Shields
 44891 | Depths:4 | Received a gift from Okawaru
 44942 | Depths:4 | 44942 ||| INVOKING Heroism.
 44944 | Depths:4 | Received a gift from Okawaru
 44955 | Depths:4 | 44955 ||| FLEEEEING.
 44960 | Depths:4 | 44960 ||| STAIRDANCE
 45150 | Depths:4 | Noticed Sojobo
 45151 | Depths:4 | 45151 ||| INVOKING Heroism.
 45169 | Depths:4 | 45169 ||| Stepping ~*~*~tactically~*~*~ (hiding).
 45177 | Depths:4 | Paralysed by an air elemental for 1 turns
 45183 | Depths:4 | Paralysed by an air elemental for 1 turns
 45185 | Depths:4 | 45185 ||| INVOKING Heroism.
 45202 | Depths:4 | Killed Sojobo
 45228 | Depths:4 | 45228 ||| INVOKING Heroism.
 45234 | Depths:4 | Received a gift from Okawaru
 45324 | Depths:4 | 45324 ||| INVOKING Heroism.
 45348 | Depths:4 | Reached skill level 21 in Fighting
 45379 | Depths:4 | Noticed Xtahua
 45380 | Depths:4 | 45380 ||| Stepping ~*~*~tactically~*~*~ (stealth).
 45381 | Depths:4 | 45381 ||| FLEEEEING.
 45414 | Depths:4 | 45414 ||| FLEEEEING.
 45415 | Depths:4 | 45415 ||| STAIRDANCE
 45480 | Depths:4 | 45480 ||| INVOKING Heroism.
 45489 | Depths:4 | Killed Xtahua
 45630 | Depths:4 | 45630 ||| Stepping ~*~*~tactically~*~*~ (stealth).
 45632 | Depths:4 | 45632 ||| Stepping ~*~*~tactically~*~*~ (hiding).
 45633 | Depths:4 | 45633 ||| Stepping ~*~*~tactically~*~*~ (hiding).
 45702 | Depths:4 | 45702 ||| Stepping ~*~*~tactically~*~*~ (hiding).
 45706 | Depths:4 | 45706 ||| INVOKING Heroism.
 45723 | Depths:4 | Received a gift from Okawaru
 45809 | Depths:4 | 45809 ||| Stepping ~*~*~tactically~*~*~ (hiding).
 45831 | Depths:4 | 45831 ||| Stepping ~*~*~tactically~*~*~ (hiding).
 45836 | Depths:4 | 45836 ||| INVOKING Heroism.
 45952 | Depths:4 | 45952 ||| FLEEEEING.
 46077 | Depths:4 | 46077 ||| Stepping ~*~*~tactically~*~*~ (hiding).
 46102 | Depths:4 | Reached skill level 12 in Throwing
 46102 | Depths:4 | 46102 ||| Stepping ~*~*~tactically~*~*~ (hiding).
 46157 | Depths:4 | 46157 ||| Stepping ~*~*~tactically~*~*~ (hiding).
 46158 | Depths:4 | Found a gate to the Realm of Zot.
 46301 | Depths:4 | 46301 ||| INVOKING Heroism.
 46325 | Depths:4 | Received a gift from Okawaru
 46430 | Depths:4 | 46430 ||| PLANNING VAULTS:5
 46635 | Vaults:5 | Entered Level 5 of the Vaults
 46640 | Vaults:5 | 46640 ||| INVOKING Heroism.
 46660 | Vaults:5 | 46660 ||| STAIRDANCE
 46662 | Vaults:4 | HP: 26/161 [titan (29)]
 46663 | Vaults:4 | 46663 ||| READING 17 scrolls of teleportation.
 46664 | Vaults:4 | 46664 ||| DRINKING 4 potions of heal wounds.
 46967 | Vaults:4 | 46967 ||| Stepping ~*~*~tactically~*~*~ (stealth).
 47038 | Vaults:5 | 47038 ||| INVOKING Heroism.
 47081 | Vaults:5 | Received a gift from Okawaru
 47095 | Vaults:5 | 47095 ||| INVOKING Heroism.
 47103 | Vaults:5 | 47103 ||| STAIRDANCE
 47390 | Vaults:5 | 47390 ||| INVOKING Heroism.
 47399 | Vaults:5 | Received a gift from Okawaru
 47404 | Vaults:5 | Reached skill level 6 in Dodging
 47453 | Vaults:5 | Identified the +3 plate armour "Gaupod" {rC++ Slay+3}
 47463 | Vaults:5 | 47463 ||| Stepping ~*~*~tactically~*~*~ (hiding).
 47466 | Vaults:5 | 47466 ||| INVOKING Heroism.
 47482 | Vaults:5 | 47482 ||| Stepping ~*~*~tactically~*~*~ (stealth).
 47489 | Vaults:5 | Received a gift from Okawaru
 47501 | Vaults:5 | 47501 ||| Stepping ~*~*~tactically~*~*~ (stealth).
 47502 | Vaults:5 | 47502 ||| Stepping ~*~*~tactically~*~*~ (hiding).
 47506 | Vaults:5 | 47506 ||| Stepping ~*~*~tactically~*~*~ (stealth).
 47506 | Vaults:5 | Identified the +6 short sword of the Battered Hells {heavy,
                  | rPois}
 47507 | Vaults:5 | 47507 ||| Stepping ~*~*~tactically~*~*~ (hiding).
 47511 | Vaults:5 | Identified the +7 whip of a Labyrinth {flame, rElec}
 47512 | Vaults:5 | 47512 ||| INVOKING Heroism.
 47555 | Vaults:5 | Reached XP level 24. HP: 92/158 MP: 30/30
 47661 | Vaults:5 | 47661 ||| FLEEEEING.
 47663 | Vaults:5 | 47663 ||| FLEEEEING.
 47748 | Vaults:5 | Identified the staff of fire "Aziuniaj" {rF+ Str+2}
 47750 | Vaults:5 | Got a silver rune of Zot
 47888 | Vaults:5 | Noticed an ancient lich
 47889 | Vaults:5 | 47889 ||| Stepping ~*~*~tactically~*~*~ (hiding).
 47890 | Vaults:5 | 47890 ||| INVOKING Heroism.
 47891 | Vaults:5 | 47891 ||| INVOKING Finesse.
 47898 | Vaults:5 | Killed an ancient lich
 47898 | Vaults:5 | Received a gift from Okawaru
 48031 | Vaults:5 | 48031 ||| INVOKING Heroism.
 48076 | Vaults:5 | 48076 ||| FLEEEEING.
 48189 | Vaults:5 | 48189 ||| INVOKING Heroism.
 48286 | Vaults:5 | 48286 ||| FLEEEEING.
 48429 | Vaults:5 | 48429 ||| INVOKING Heroism.
 48433 | Vaults:5 | Received a gift from Okawaru
 48629 | Vaults:5 | 48629 ||| Stepping ~*~*~tactically~*~*~ (hiding).
 48632 | Vaults:5 | 48632 ||| Stepping ~*~*~tactically~*~*~ (hiding).
 48636 | Vaults:5 | Identified the +1 falchion of the Realm of Zot {spect,
                  | *Corrode rPois rN+}
 48662 | Vaults:5 | 48662 ||| FLEEEEING.
 48663 | Vaults:5 | 48663 ||| FLEEEEING.
 48666 | Vaults:5 | 48666 ||| FLEEEEING.
 48667 | Vaults:5 | 48667 ||| FLEEEEING.
 48668 | Vaults:5 | 48668 ||| FLEEEEING.
 48669 | Vaults:5 | 48669 ||| FLEEEEING.
 48670 | Vaults:5 | 48670 ||| FLEEEEING.
 48671 | Vaults:5 | 48671 ||| FLEEEEING.
 48672 | Vaults:5 | 48672 ||| FLEEEEING.
 48673 | Vaults:5 | 48673 ||| FLEEEEING.
 48674 | Vaults:5 | 48674 ||| FLEEEEING.
 48675 | Vaults:5 | 48675 ||| FLEEEEING.
 48676 | Vaults:5 | 48676 ||| FLEEEEING.
 48677 | Vaults:5 | 48677 ||| FLEEEEING.
 48678 | Vaults:5 | 48678 ||| FLEEEEING.
 48679 | Vaults:5 | 48679 ||| FLEEEEING.
 48680 | Vaults:5 | 48680 ||| FLEEEEING.
 48681 | Vaults:5 | 48681 ||| FLEEEEING.
 48682 | Vaults:5 | 48682 ||| FLEEEEING.
 48683 | Vaults:5 | 48683 ||| FLEEEEING.
 48684 | Vaults:5 | 48684 ||| FLEEEEING.
 48685 | Vaults:5 | 48685 ||| FLEEEEING.
 48686 | Vaults:5 | 48686 ||| FLEEEEING.
 48687 | Vaults:5 | 48687 ||| FLEEEEING.
 48688 | Vaults:5 | 48688 ||| FLEEEEING.
 48689 | Vaults:5 | 48689 ||| FLEEEEING.
 48690 | Vaults:5 | 48690 ||| FLEEEEING.
 48691 | Vaults:5 | 48691 ||| FLEEEEING.
 48692 | Vaults:5 | 48692 ||| FLEEEEING.
 48693 | Vaults:5 | 48693 ||| FLEEEEING.
 48694 | Vaults:5 | 48694 ||| FLEEEEING.
 48695 | Vaults:5 | 48695 ||| FLEEEEING.
 48696 | Vaults:5 | 48696 ||| FLEEEEING.
 48697 | Vaults:5 | 48697 ||| FLEEEEING.
 48698 | Vaults:5 | 48698 ||| FLEEEEING.
 48699 | Vaults:5 | 48699 ||| FLEEEEING.
 48700 | Vaults:5 | 48700 ||| FLEEEEING.
 48701 | Vaults:5 | 48701 ||| FLEEEEING.
 48702 | Vaults:5 | 48702 ||| FLEEEEING.
 48702 | Vaults:5 | Identified the ring "Ciedug" {Ice Str+3 Dex+4}
 48712 | Vaults:5 | 48712 ||| Stepping ~*~*~tactically~*~*~ (hiding).
 48713 | Vaults:5 | 48713 ||| Stepping ~*~*~tactically~*~*~ (hiding).
 48714 | Vaults:5 | 48714 ||| Stepping ~*~*~tactically~*~*~ (hiding).
 48715 | Vaults:5 | 48715 ||| Stepping ~*~*~tactically~*~*~ (hiding).
 48717 | Vaults:5 | 48717 ||| Stepping ~*~*~tactically~*~*~ (hiding).
 48729 | Vaults:5 | 48729 ||| Stepping ~*~*~tactically~*~*~ (stealth).
 48734 | Vaults:5 | 48734 ||| Stepping ~*~*~tactically~*~*~ (stealth).
 48821 | Vaults:5 | 48821 ||| Stepping ~*~*~tactically~*~*~ (hiding).
 49064 | Vaults:5 | Noticed a dread lich
 49065 | Vaults:5 | 49065 ||| INVOKING Heroism.
 49073 | Vaults:5 | Received a gift from Okawaru
 49074 | Vaults:5 | 49074 ||| INVOKING Finesse.
 49087 | Vaults:5 | Killed a dread lich
 49087 | Vaults:5 | Received a gift from Okawaru
 49133 | Vaults:5 | 49133 ||| Stepping ~*~*~tactically~*~*~ (hiding).
 49135 | Vaults:5 | 49135 ||| Stepping ~*~*~tactically~*~*~ (hiding).
 49137 | Vaults:5 | 49137 ||| INVOKING Heroism.
 49182 | Vaults:5 | 49182 ||| Stepping ~*~*~tactically~*~*~ (stealth).
 49201 | Vaults:5 | Identified the +3 hand axe "Wiuc" {drain, Fragile rN+
                  | rCorr}
 49206 | Vaults:5 | Identified the +3 falchion of the Feather {freeze, Will+
                  | Str+3 Int+4}
 49235 | Vaults:5 | 49235 ||| INVOKING Heroism.
 49369 | Vaults:5 | Noticed a dread lich
 49370 | Vaults:5 | 49370 ||| Stepping ~*~*~tactically~*~*~ (stealth).
 49371 | Vaults:5 | 49371 ||| INVOKING Heroism.
 49390 | Vaults:5 | Killed a dread lich
 49390 | Vaults:5 | Received a gift from Okawaru
 49483 | Vaults:5 | 49483 ||| Stepping ~*~*~tactically~*~*~ (stealth).
 49486 | Vaults:5 | 49486 ||| Stepping ~*~*~tactically~*~*~ (hiding).
 49553 | Vaults:5 | 49553 ||| Stepping ~*~*~tactically~*~*~ (hiding).
 49554 | Vaults:5 | 49554 ||| Stepping ~*~*~tactically~*~*~ (hiding).
 49584 | Vaults:5 | 49584 ||| Stepping ~*~*~tactically~*~*~ (stealth).
 49636 | Vaults:5 | 49636 ||| Stepping ~*~*~tactically~*~*~ (hiding).
 49947 | Vaults:5 | 49947 ||| PLANNING SHOPPING SPREE
 50039 | Vaults:3 | 50039 ||| Stepping ~*~*~tactically~*~*~ (stealth).
 50383 | D:2      | 50383 ||| BUYING scroll of teleportation (33 gold).
 50383 | D:2      | Bought a scroll of teleportation for 33 gold pieces
 50682 | Snake:4  | 50682 ||| BUYING amulet of Vitality {RegenMP++ Regen++}
                  | (1400 gold).
 50682 | Snake:4  | Bought the amulet of Vitality {RegenMP++ Regen++} for 1400
                  | gold pieces
 50682 | Snake:4  | Found the amulet of Vitality {RegenMP++ Regen++}
 50682 | Snake:4  | 50682 ||| DROPPING amulet of reflection.
 50683 | Snake:4  | 50683 ||| CLEARING SHOPPING LIST
 50683 | Snake:4  | 50683 ||| PLANNING ZOT:1-4
 51024 | Zot:1    | Entered Level 1 of the Realm of Zot
 51025 | Zot:1    | 51025 ||| Stepping ~*~*~tactically~*~*~ (hiding).
 51026 | Zot:1    | 51026 ||| INVOKING Heroism.
 51076 | Zot:1    | 51076 ||| INVOKING Heroism.
 51131 | Zot:1    | 51131 ||| Stepping ~*~*~tactically~*~*~ (hiding).
 51137 | Zot:1    | 51137 ||| Stepping ~*~*~tactically~*~*~ (cloud).
 51246 | Zot:1    | 51246 ||| Stepping ~*~*~tactically~*~*~ (hiding).
 51259 | Zot:1    | 51259 ||| Stepping ~*~*~tactically~*~*~ (cloud).
 51339 | Zot:1    | 51339 ||| READING scroll of acquirement.
 51339 | Zot:1    | 51339 ||| ACQUIRING +1 cloak of the Desolation of Salt
                  | {+Blink Dex+3}
 51339 | Zot:1    | Acquired the +1 cloak of the Desolation of Salt {+Blink
                  | Dex+3}
 51341 | Zot:1    | 51341 ||| DROPPING +1 cloak of the Loofah {Stlth+}.
 51400 | Zot:1    | 51400 ||| INVOKING Heroism.
 51401 | Zot:1    | Received a gift from Okawaru
 51454 | Zot:1    | 51454 ||| Stepping ~*~*~tactically~*~*~ (hiding).
 51457 | Zot:1    | 51457 ||| Stepping ~*~*~tactically~*~*~ (hiding).
 51460 | Zot:1    | 51460 ||| INVOKING Heroism.
 51655 | Zot:1    | Received a gift from Okawaru
 51788 | Zot:1    | 51788 ||| INVOKING Heroism.
 51818 | Zot:1    | 51818 ||| Stepping ~*~*~tactically~*~*~ (cloud).
 51825 | Zot:1    | 51825 ||| UPGRADING to +1 cloak of the Desolation of Salt
                  | {+Blink Dex+3}.
 51835 | Zot:1    | 51835 ||| DROPPING +0 cloak of willpower.
 51843 | Zot:1    | 51843 ||| INVOKING Heroism.
 51971 | Zot:1    | 51971 ||| FLEEEEING.
 51979 | Zot:1    | 51979 ||| FLEEEEING.
 51980 | Zot:1    | 51980 ||| FLEEEEING.
 51981 | Zot:1    | 51981 ||| FLEEEEING.
 51982 | Zot:1    | 51982 ||| FLEEEEING.
 52015 | Zot:1    | 52015 ||| Stepping ~*~*~tactically~*~*~ (stealth).
 52017 | Zot:1    | 52017 ||| Stepping ~*~*~tactically~*~*~ (hiding).
 52109 | Zot:1    | 52109 ||| UPGRADING to ring of protection from fire.
 52255 | Zot:2    | 52255 ||| Stepping ~*~*~tactically~*~*~ (hiding).
 52257 | Zot:2    | 52257 ||| Stepping ~*~*~tactically~*~*~ (hiding).
 52277 | Zot:2    | 52277 ||| Stepping ~*~*~tactically~*~*~ (hiding).
 52290 | Zot:2    | 52290 ||| INVOKING Heroism.
 52368 | Zot:2    | 52368 ||| FLEEEEING.
 52373 | Zot:2    | 52373 ||| FLEEEEING.
 52374 | Zot:2    | 52374 ||| INVOKING Heroism.
 52392 | Zot:2    | 52392 ||| FLEEEEING.
 52393 | Zot:2    | 52393 ||| STAIRDANCE
 52580 | Zot:2    | 52580 ||| Stepping ~*~*~tactically~*~*~ (stealth).
 52581 | Zot:2    | 52581 ||| Stepping ~*~*~tactically~*~*~ (stealth).
 52590 | Zot:2    | 52590 ||| INVOKING Heroism.
 52700 | Zot:2    | Received a gift from Okawaru
 52721 | Zot:2    | 52721 ||| INVOKING Heroism.
 52736 | Zot:2    | Reached XP level 25. HP: 140/178 MP: 30/30
 52810 | Zot:2    | 52810 ||| Stepping ~*~*~tactically~*~*~ (stealth).
 52913 | Zot:2    | Received a gift from Okawaru
 52930 | Zot:2    | 52930 ||| INVOKING Heroism.
 52933 | Zot:2    | 52933 ||| Stepping ~*~*~tactically~*~*~ (stealth).
 52944 | Zot:2    | Reached skill level 24 in Fighting
 52981 | Zot:2    | 52981 ||| Stepping ~*~*~tactically~*~*~ (stealth).
 53001 | Zot:2    | 53001 ||| INVOKING Heroism.
 53201 | Zot:2    | 53201 ||| INVOKING Heroism.
 53218 | Zot:2    | 53218 ||| Stepping ~*~*~tactically~*~*~ (hiding).
 53219 | Zot:2    | 53219 ||| Stepping ~*~*~tactically~*~*~ (hiding).
 53220 | Zot:2    | 53220 ||| FLEEEEING.
 53222 | Zot:2    | 53222 ||| FLEEEEING.
 53223 | Zot:2    | 53223 ||| FLEEEEING.
 53224 | Zot:2    | 53224 ||| FLEEEEING.
 53225 | Zot:2    | 53225 ||| FLEEEEING.
 53226 | Zot:2    | 53226 ||| FLEEEEING.
 53227 | Zot:2    | 53227 ||| FLEEEEING.
 53228 | Zot:2    | 53228 ||| FLEEEEING.
 53233 | Zot:2    | 53233 ||| FLEEEEING.
 53234 | Zot:2    | 53234 ||| FLEEEEING.
 53235 | Zot:2    | 53235 ||| FLEEEEING.
 53236 | Zot:2    | 53236 ||| FLEEEEING.
 53239 | Zot:2    | 53239 ||| STAIRDANCE
 53500 | Zot:2    | 53500 ||| Stepping ~*~*~tactically~*~*~ (hiding).
 53504 | Zot:2    | 53504 ||| INVOKING Heroism.
 53516 | Zot:2    | Received a gift from Okawaru
 53527 | Zot:2    | 53527 ||| INVOKING Heroism.
 54032 | Zot:3    | 54032 ||| INVOKING Heroism.
 54272 | Zot:3    | 54272 ||| Stepping ~*~*~tactically~*~*~ (stealth).
 54390 | Zot:3    | Identified the +8 bardiche "Vip Nece" {flame, rF+ rC+
                  | Dex+2}
 54462 | Zot:3    | Found the +3 salamander hide armour {Flames, rFlCloud rF++
                  | rC--}
 54463 | Zot:3    | 54463 ||| INVOKING Heroism.
 54564 | Zot:3    | 54564 ||| Stepping ~*~*~tactically~*~*~ (hiding).
 54569 | Zot:3    | Paralysed by a Zot trap for 3 turns
 54591 | Zot:3    | 54591 ||| INVOKING Heroism.
 54805 | Zot:3    | 54805 ||| Stepping ~*~*~tactically~*~*~ (hiding).
 54825 | Zot:3    | 54825 ||| Stepping ~*~*~tactically~*~*~ (hiding).
 54853 | Zot:3    | Received a gift from Okawaru
 54916 | Zot:3    | 54916 ||| INVOKING Heroism.
 54925 | Zot:3    | Reached skill level 9 in Dodging
 55265 | Zot:4    | 55265 ||| INVOKING Heroism.
 55288 | Zot:4    | HP: 40/178 [black draconian knight/+0 war axe of venom[a
                  | black draconian knight] (8)]
 55289 | Zot:4    | 55289 ||| READING 19 scrolls of teleportation.
 55290 | Zot:4    | 55290 ||| DRINKING 6 potions of heal wounds.
 55313 | Zot:4    | HP: 44/179 [green draconian/+0 scimitar[a yellow draconian
                  | annihilator] (4)]
 55314 | Zot:4    | 55314 ||| READING 18 scrolls of teleportation.
 55315 | Zot:4    | 55315 ||| DRINKING 5 potions of heal wounds.
 55319 | Zot:4    | HP: 43/180 [ghost moth (8)]
 55320 | Zot:4    | 55320 ||| DRINKING 4 potions of heal wounds.
 55326 | Zot:4    | HP: 38/180 [green draconian/+2 flail of draining (11)]
 55327 | Zot:4    | 55327 ||| READING 17 scrolls of teleportation.
 55328 | Zot:4    | 55328 ||| DRINKING 3 potions of heal wounds.
 55335 | Zot:4    | HP: 43/180 [death cob (20)]
 55336 | Zot:4    | 55336 ||| DRINKING 2 potions of heal wounds.
 55341 | Zot:4    | 55341 ||| INVOKING Heroism.
 55378 | Zot:4    | 55378 ||| Stepping ~*~*~tactically~*~*~ (hiding).
 55381 | Zot:4    | 55381 ||| INVOKING Heroism.
 55451 | Zot:4    | 55451 ||| Stepping ~*~*~tactically~*~*~ (stealth).
 55477 | Zot:4    | 55477 ||| Stepping ~*~*~tactically~*~*~ (stealth).
 55625 | Zot:4    | 55625 ||| INVOKING Heroism.
 55693 | Zot:4    | 55693 ||| FLEEEEING.
 55694 | Zot:4    | 55694 ||| FLEEEEING.
 55700 | Zot:4    | 55700 ||| STAIRDANCE
 55760 | Zot:4    | 55760 ||| Stepping ~*~*~tactically~*~*~ (hiding).
 55761 | Zot:4    | 55761 ||| Stepping ~*~*~tactically~*~*~ (hiding).
 55778 | Zot:4    | 55778 ||| Stepping ~*~*~tactically~*~*~ (stealth).
 55811 | Zot:4    | 55811 ||| INVOKING Heroism.
 56087 | Zot:4    | 56087 ||| INVOKING Heroism.
 56137 | Zot:4    | 56137 ||| Stepping ~*~*~tactically~*~*~ (hiding).
 56140 | Zot:4    | 56140 ||| INVOKING Heroism.
 56423 | Zot:4    | 56423 ||| PLANNING SLIME:5
 56423 | Zot:4    | 56423 ||| REMOVING ring of protection from fire.
 56424 | Zot:4    | 56424 ||| UPGRADING to +0 cloak of the Shoals {rCorr
                  | Int+3}.
 56434 | Zot:4    | 56434 ||| UPGRADING to +5 ring of evasion.
 56435 | Zot:4    | 56435 ||| UPGRADING to ring "Ciedug" {Ice Str+3 Dex+4}.
 56905 | Slime:1  | Entered Level 1 of the Pits of Slime
 56996 | Slime:2  | 56996 ||| STAIRDANCE
 57005 | Slime:2  | Gained mutation: You are weak. (Str -2) [a shining eye]
 57006 | Slime:2  | 57006 ||| STAIRDANCE
 57006 | Slime:2  | Gained mutation: You have a pair of small antennae on your
                  | head. [a shining eye]
 57016 | Slime:1  | 57016 ||| DROPPING +1 helmet of see invisible.
 57024 | Slime:2  | 57024 ||| STAIRDANCE
 57079 | Slime:2  | Reached skill level 15 in Throwing
 57124 | Slime:3  | Received a gift from Okawaru
 57190 | Slime:4  | 57190 ||| STAIRDANCE
 57206 | Slime:5  | Entered Level 5 of the Pits of Slime
 57230 | Slime:5  | 57230 ||| INVOKING Heroism.
 57230 | Slime:5  | Gained mutation: You are partially covered in iridescent
                  | scales. (AC +2) [a shining eye]
 57232 | Slime:5  | Received a gift from Okawaru
 57234 | Slime:5  | Gained mutation: You are dopey. (Int -2) [a shining eye]
 57235 | Slime:5  | 57235 ||| DRINKING 5 potions of cancellation.
 57348 | Slime:5  | 57348 ||| INVOKING Heroism.
 57365 | Slime:5  | Reached XP level 26. HP: 108/188 MP: 30/30
 57381 | Slime:5  | 57381 ||| INVOKING Heroism.
 57663 | Slime:5  | Found a viscous altar of Jiyva.
 57664 | Slime:5  | Noticed the Royal Jelly
 57669 | Slime:5  | 57669 ||| INVOKING Heroism.
 57682 | Slime:5  | Killed the Royal Jelly
 57701 | Slime:5  | 57701 ||| INVOKING Heroism.
 57933 | Slime:5  | Found the +8 demon trident "Rift" {distort, reach+}
 57941 | Slime:5  | Identified the +6 scale mail "Yqeijysu" {+Inv}
 57951 | Slime:5  | Identified the +2 short sword of Recklessness {vamp, rElec
                  | rC+ rN++ Dex-5}
 57966 | Slime:5  | Identified the staff of air "Amoumall" {rElec Str+6 Dex+2
                  | Stlth+}
 58009 | Slime:5  | Got a slimy rune of Zot
 58080 | Slime:5  | Received a gift from Okawaru
 58399 | Slime:5  | 58399 ||| PLANNING THE SHINING ONE WORSHIP
 58399 | Slime:5  | 58399 ||| DROPPING +3 hand axe "Wiuc" {drain, Fragile rN+
                  | rCorr}.
 58400 | Slime:5  | 58400 ||| DROPPING +1 cloak.
 58401 | Slime:5  | 58401 ||| DROPPING +1 chain mail of Wisdom {rCorr Dex+6}.
 58402 | Slime:5  | 58402 ||| UPGRADING to +1 cloak of the Desolation of Salt
                  | {+Blink Dex+3}.
 58412 | Slime:5  | 58412 ||| DROPPING +0 cloak of the Shoals {rCorr Int+3}.
 58413 | Slime:5  | 58413 ||| DROPPING ring of resist corrosion.
 58414 | Slime:5  | 58414 ||| DROPPING ring of resist corrosion.
 58415 | Slime:5  | 58415 ||| UPGRADING to +5 ring of evasion.
 58772 | Temple   | Fell from the grace of Okawaru
 58772 | Temple   | Became a worshipper of the Shining One
 58772 | Temple   | 58772 ||| PLANNING CRYPT
 59179 | Crypt:1  | Entered Level 1 of the Crypt
 59180 | Crypt:1  | Reached * piety under the Shining One
 59191 | Crypt:1  | Reached ** piety under the Shining One
 59197 | Crypt:1  | HP: 42/190 [ancient champion/+0 great mace of flaming (14)]
 59198 | Crypt:1  | 59198 ||| READING 18 scrolls of teleportation.
 59199 | Crypt:1  | 59199 ||| DRINKING 4 potions of heal wounds.
 59201 | Crypt:1  | 59201 ||| DRINKING 3 potions of heal wounds.
 59202 | Crypt:1  | 59202 ||| DRINKING 2 potions of heal wounds.
 59237 | Crypt:1  | Reached *** piety under the Shining One
 59248 | Crypt:1  | 59248 ||| INVOKING Cleansing Flame.
 59249 | Crypt:1  | 59249 ||| INVOKING Cleansing Flame.
 59250 | Crypt:1  | 59250 ||| INVOKING Cleansing Flame.
 59251 | Crypt:1  | HP: 21/190 [ancient champion/iron shot (51)]
 59252 | Crypt:1  | 59252 ||| READING 17 scrolls of teleportation.
 59253 | Crypt:1  | 59253 ||| DRINKING potion of heal wounds.
 59295 | Crypt:1  | 59295 ||| STAIRDANCE
 59609 | Crypt:1  | 59609 ||| INVOKING Cleansing Flame.
 59614 | Crypt:1  | Reached skill level 12 in Invocations
 59622 | Crypt:1  | 59622 ||| INVOKING Cleansing Flame.
 59733 | Crypt:1  | Reached **** piety under the Shining One
 59801 | Crypt:1  | 59801 ||| Stepping ~*~*~tactically~*~*~ (hiding).
 59804 | Crypt:1  | 59804 ||| Stepping ~*~*~tactically~*~*~ (hiding).
 59805 | Crypt:1  | 59805 ||| Stepping ~*~*~tactically~*~*~ (hiding).
 59958 | Crypt:1  | 59958 ||| Stepping ~*~*~tactically~*~*~ (stealth).
 60013 | Crypt:1  | 60013 ||| Stepping ~*~*~tactically~*~*~ (cloud).
 60019 | Crypt:1  | 60019 ||| READING 17 scrolls of teleportation.
 60020 | Crypt:1  | HP: 41/190 [purple draconian/bolt of dispelling energy[the
                  | fury of Okawaru] (23)]
 60021 | Crypt:1  | 60021 ||| READING 16 scrolls of teleportation.
 60030 | Crypt:1  | 60030 ||| READING 15 scrolls of teleportation.
 60033 | Crypt:1  | Reached ***** piety under the Shining One
 60109 | Crypt:1  | 60109 ||| INVOKING Summon Divine Warrior.
 60402 | Crypt:1  | Identified the ring "Lisienon" {Ice Str+2 Dex+4}
 60402 | Crypt:1  | Noticed Josephina
 60412 | Crypt:1  | Killed Josephina
 60575 | Crypt:1  | 60575 ||| FLEEEEING.
 60576 | Crypt:1  | 60576 ||| FLEEEEING.
 60577 | Crypt:1  | 60577 ||| FLEEEEING.
 60578 | Crypt:1  | 60578 ||| FLEEEEING.
 60579 | Crypt:1  | 60579 ||| FLEEEEING.
 60580 | Crypt:1  | 60580 ||| FLEEEEING.
 60581 | Crypt:1  | 60581 ||| FLEEEEING.
 60585 | Crypt:1  | 60585 ||| FLEEEEING.
 60586 | Crypt:1  | 60586 ||| FLEEEEING.
 60587 | Crypt:1  | 60587 ||| FLEEEEING.
 60588 | Crypt:1  | 60588 ||| FLEEEEING.
 60589 | Crypt:1  | 60589 ||| FLEEEEING.
 60590 | Crypt:1  | 60590 ||| FLEEEEING.
 60591 | Crypt:1  | 60591 ||| FLEEEEING.
 60594 | Crypt:1  | 60594 ||| FLEEEEING.
 60595 | Crypt:1  | 60595 ||| FLEEEEING.
 60596 | Crypt:1  | 60596 ||| FLEEEEING.
 60601 | Crypt:1  | 60601 ||| STAIRDANCE
 60684 | Crypt:1  | 60684 ||| Stepping ~*~*~tactically~*~*~ (hiding).
 60685 | Crypt:1  | 60685 ||| Stepping ~*~*~tactically~*~*~ (hiding).
 60920 | Crypt:1  | 60920 ||| Stepping ~*~*~tactically~*~*~ (stealth).
 60921 | Crypt:1  | 60921 ||| Stepping ~*~*~tactically~*~*~ (hiding).
 61079 | Crypt:2  | 61079 ||| Stepping ~*~*~tactically~*~*~ (hiding).
 61080 | Crypt:2  | 61080 ||| Stepping ~*~*~tactically~*~*~ (hiding).
 61081 | Crypt:2  | 61081 ||| Stepping ~*~*~tactically~*~*~ (hiding).
 61243 | Crypt:2  | Reached ****** piety under the Shining One
 61256 | Crypt:2  | 61256 ||| INVOKING Brand Weapon With Holy Wrath.
 61256 | Crypt:2  | Identified a +8 broad axe of holy wrath (a +6 heavy broad
                  | axe blessed by the Shining One)
 61256 | Crypt:2  | Received a gift from the Shining One
 61666 | Crypt:2  | Found a runed translucent door.
 61667 | Crypt:2  | Noticed an ancient lich
 61844 | Crypt:3  | Entered Level 3 of the Crypt
 61847 | Crypt:3  | 61847 ||| STAIRDANCE
 61878 | Crypt:2  | 61878 ||| Stepping ~*~*~tactically~*~*~ (stealth).
 61965 | Crypt:2  | 61965 ||| INVOKING Summon Divine Warrior.
 62243 | Crypt:3  | 62243 ||| STAIRDANCE
 62253 | Crypt:2  | 62253 ||| INVOKING Summon Divine Warrior.
 62255 | Crypt:2  | 62255 ||| INVOKING Cleansing Flame.
 62595 | Crypt:3  | 62595 ||| Stepping ~*~*~tactically~*~*~ (stealth).
 62612 | Crypt:3  | Found a staircase to the Tomb.
 62653 | Crypt:3  | Identified the +8 long sword "Giantslayer" {freeze, rF+
                  | rC+}
 62755 | Crypt:3  | 62755 ||| Stepping ~*~*~tactically~*~*~ (hiding).
 62758 | Crypt:3  | 62758 ||| Stepping ~*~*~tactically~*~*~ (hiding).
 62797 | Crypt:3  | 62797 ||| Stepping ~*~*~tactically~*~*~ (stealth).
 62798 | Crypt:3  | 62798 ||| Stepping ~*~*~tactically~*~*~ (stealth).
 62801 | Crypt:3  | 62801 ||| Stepping ~*~*~tactically~*~*~ (stealth).
 62802 | Crypt:3  | 62802 ||| Stepping ~*~*~tactically~*~*~ (stealth).
 62818 | Crypt:3  | 62818 ||| Stepping ~*~*~tactically~*~*~ (hiding).
 62821 | Crypt:3  | 62821 ||| Stepping ~*~*~tactically~*~*~ (hiding).
 62822 | Crypt:3  | 62822 ||| Stepping ~*~*~tactically~*~*~ (hiding).
 62823 | Crypt:3  | 62823 ||| Stepping ~*~*~tactically~*~*~ (hiding).
 62952 | Crypt:3  | 62952 ||| FLEEEEING.
 62953 | Crypt:3  | 62953 ||| STAIRDANCE
 63181 | Crypt:3  | Noticed a royal mummy
 63181 | Crypt:3  | Noticed Khufu
 63182 | Crypt:3  | 63182 ||| INVOKING Summon Divine Warrior.
 63186 | Crypt:3  | 63186 ||| INVOKING Cleansing Flame.
 63187 | Crypt:3  | 63187 ||| INVOKING Cleansing Flame.
 63188 | Crypt:3  | 63188 ||| INVOKING Cleansing Flame.
 63189 | Crypt:3  | 63189 ||| INVOKING Cleansing Flame.
 63192 | Crypt:3  | 63192 ||| DRINKING 5 potions of magic.
 63193 | Crypt:3  | 63193 ||| INVOKING Summon Divine Warrior.
 63196 | Crypt:3  | Killed a royal mummy
 63197 | Crypt:3  | 63197 ||| INVOKING Cleansing Flame.
 63199 | Crypt:3  | Killed Khufu
 63465 | Crypt:3  | 63465 ||| Stepping ~*~*~tactically~*~*~ (stealth).
 63493 | Crypt:3  | Reached skill level 15 in Invocations
 63516 | Crypt:3  | Noticed Jory
 63530 | Crypt:3  | Killed Jory
 63531 | Crypt:3  | Reached XP level 27. HP: 196/196 MP: 34/34
 63549 | Crypt:3  | Identified the ring "Tydghiv" {rF+++ rC+ rN+ Will+ Stlth-}
 63654 | Crypt:3  | Found the +2 hat of the Bear Spirit {Spirit, Bear, *Rage
                  | Will++}
 63655 | Crypt:3  | Found the ring of the Octopus King
 63664 | Crypt:3  | Identified a ring of the Octopus King {Wiz HP+2 AC+2 EV+2
                  | SH+2}
 63670 | Crypt:3  | 63670 ||| READING scroll of enchant armour.
 63670 | Crypt:3  | 63670 ||| ENCHANTING +4 crystal plate armour.
 63895 | Crypt:3  | Identified the ring "Hoolel" {rElec rN+ Will++}
 64019 | Crypt:3  | Identified the staff of poison "Zeogg" {Contam rPois Will+
                  | MP+9 Str+9}
 64304 | Crypt:3  | 64304 ||| PLANNING TOMB
 64304 | Crypt:3  | 64304 ||| SWAPPING to +8 broad axe of holy wrath.
 64305 | Crypt:3  | 64305 ||| READING 3 scrolls of enchant weapon.
 64305 | Crypt:3  | 64305 ||| ENCHANTING +8 broad axe of holy wrath.
 64306 | Crypt:3  | 64306 ||| DROPPING +2 fire dragon scales.
 64307 | Crypt:3  | 64307 ||| UPGRADING to ring "Tydghiv" {rF+++ rC+ rN+ Will+
                  | Stlth-}.
 64309 | Crypt:3  | 64309 ||| UPGRADING to ring of the Octopus King {Wiz HP+2
                  | AC+2 EV+2 SH+2}.
 64313 | Crypt:3  | 64313 ||| DROPPING +5 ring of evasion.
 64314 | Crypt:3  | 64314 ||| DROPPING ring of protection from fire.
 64315 | Crypt:3  | 64315 ||| DROPPING ring "Hoolel" {rElec rN+ Will++}.
 64316 | Crypt:3  | 64316 ||| DROPPING ring of protection from cold.
 64340 | Tomb:1   | Entered Level 1 of the Tomb of the Ancients
 64436 | Tomb:1   | 64436 ||| FLEEEEING.
 64437 | Tomb:1   | 64437 ||| FLEEEEING.
 64438 | Tomb:1   | 64438 ||| FLEEEEING.
 64439 | Tomb:1   | 64439 ||| FLEEEEING.
 64440 | Tomb:1   | 64440 ||| FLEEEEING.
 64441 | Tomb:1   | 64441 ||| FLEEEEING.
 64442 | Tomb:1   | 64442 ||| FLEEEEING.
 64443 | Tomb:1   | 64443 ||| FLEEEEING.
 64444 | Tomb:1   | 64444 ||| FLEEEEING.
 64445 | Tomb:1   | 64445 ||| FLEEEEING.
 64446 | Tomb:1   | 64446 ||| FLEEEEING.
 64447 | Tomb:1   | 64447 ||| FLEEEEING.
 64448 | Tomb:1   | 64448 ||| FLEEEEING.
 64449 | Tomb:1   | 64449 ||| FLEEEEING.
 64450 | Tomb:1   | 64450 ||| FLEEEEING.
 64451 | Tomb:1   | 64451 ||| FLEEEEING.
 64452 | Tomb:1   | 64452 ||| FLEEEEING.
 64453 | Tomb:1   | 64453 ||| FLEEEEING.
 64454 | Tomb:1   | 64454 ||| FLEEEEING.
 64465 | Tomb:1   | 64465 ||| FLEEEEING.
 64466 | Tomb:1   | 64466 ||| FLEEEEING.
 64467 | Tomb:1   | 64467 ||| FLEEEEING.
 64468 | Tomb:1   | 64468 ||| FLEEEEING.
 64469 | Tomb:1   | 64469 ||| FLEEEEING.
 64470 | Tomb:1   | 64470 ||| FLEEEEING.
 64471 | Tomb:1   | 64471 ||| FLEEEEING.
 64472 | Tomb:1   | 64472 ||| FLEEEEING.
 64473 | Tomb:1   | 64473 ||| FLEEEEING.
 64474 | Tomb:1   | 64474 ||| STAIRDANCE
 64504 | Crypt:3  | 64504 ||| FLEEEEING.
 64788 | Tomb:1   | Reached skill level 24 in Armour
 64803 | Tomb:1   | 64803 ||| FLEEEEING.
 64804 | Tomb:1   | 64804 ||| FLEEEEING.
 64805 | Tomb:1   | 64805 ||| FLEEEEING.
 64806 | Tomb:1   | 64806 ||| FLEEEEING.
 64807 | Tomb:1   | 64807 ||| FLEEEEING.
 64808 | Tomb:1   | 64808 ||| FLEEEEING.
 64809 | Tomb:1   | 64809 ||| FLEEEEING.
 64810 | Tomb:1   | 64810 ||| FLEEEEING.
 64811 | Tomb:1   | 64811 ||| FLEEEEING.
 64812 | Tomb:1   | 64812 ||| FLEEEEING.
 64813 | Tomb:1   | 64813 ||| FLEEEEING.
 64814 | Tomb:1   | 64814 ||| FLEEEEING.
 64815 | Tomb:1   | 64815 ||| FLEEEEING.
 64816 | Tomb:1   | 64816 ||| FLEEEEING.
 64817 | Tomb:1   | 64817 ||| FLEEEEING.
 64997 | Tomb:1   | 64997 ||| FLEEEEING.
 65062 | Tomb:1   | 65062 ||| INVOKING Summon Divine Warrior.
 65298 | Tomb:1   | 65298 ||| INVOKING Summon Divine Warrior.
 65301 | Tomb:1   | 65301 ||| INVOKING Cleansing Flame.
 65312 | Tomb:1   | 65312 ||| INVOKING Cleansing Flame.
 65622 | Tomb:1   | 65622 ||| INVOKING Cleansing Flame.
 65673 | Tomb:1   | 65673 ||| Stepping ~*~*~tactically~*~*~ (hiding).
 65674 | Tomb:1   | 65674 ||| INVOKING Summon Divine Warrior.
 65678 | Tomb:1   | 65678 ||| INVOKING Cleansing Flame.
 65679 | Tomb:1   | 65679 ||| INVOKING Cleansing Flame.
 65682 | Tomb:1   | 65682 ||| INVOKING Cleansing Flame.
 65702 | Tomb:1   | 65702 ||| INVOKING Cleansing Flame.
 65705 | Tomb:1   | Noticed a royal mummy
 65706 | Tomb:1   | Noticed a royal mummy
 65709 | Tomb:1   | Killed a royal mummy
 65713 | Tomb:1   | Killed a royal mummy
 65728 | Tomb:1   | 65728 ||| FLEEEEING.
 65857 | Tomb:1   | 65857 ||| FLEEEEING.
 65994 | Tomb:1   | Was forgiven by Okawaru
 66229 | Tomb:1   | 66229 ||| UPGRADING to +1 hat.
 66789 | Tomb:2   | 66789 ||| DRINKING 9 potions of haste.
 66790 | Tomb:2   | 66790 ||| DRINKING 13 potions of attraction.
 66791 | Tomb:2   | Noticed a royal mummy
 66791 | Tomb:2   | Noticed a royal mummy
 66791 | Tomb:2   | Noticed a royal mummy
 66792 | Tomb:2   | 66792 ||| INVOKING Cleansing Flame.
 66793 | Tomb:2   | 66793 ||| INVOKING Summon Divine Warrior.
 66794 | Tomb:2   | 66794 ||| INVOKING Cleansing Flame.
 66796 | Tomb:2   | Noticed a royal mummy
 66797 | Tomb:2   | Killed a royal mummy
 66799 | Tomb:2   | Killed a royal mummy
 66805 | Tomb:2   | Killed a royal mummy
 66810 | Tomb:2   | Killed a royal mummy
 66814 | Tomb:2   | 66814 ||| INVOKING Cleansing Flame.
 66883 | Tomb:2   | 66883 ||| INVOKING Summon Divine Warrior.
 66885 | Tomb:2   | 66885 ||| INVOKING Cleansing Flame.
 66886 | Tomb:2   | 66886 ||| INVOKING Cleansing Flame.
 66975 | Tomb:2   | 66975 ||| INVOKING Cleansing Flame.
 67105 | Tomb:2   | 67105 ||| Stepping ~*~*~tactically~*~*~ (stealth).
 67106 | Tomb:2   | 67106 ||| Stepping ~*~*~tactically~*~*~ (stealth).
 67331 | Tomb:2   | 67331 ||| READING 2 scrolls of acquirement.
 67331 | Tomb:2   | 67331 ||| ACQUIRING +3 pair of seven-league boots
                  | {Rampage+∞}
 67331 | Tomb:2   | Acquired the +3 pair of seven-league boots {Rampage+∞}
 67331 | Tomb:2   | Found the +3 pair of seven-league boots {Rampage+∞}
 67333 | Tomb:2   | 67333 ||| UPGRADING to +3 pair of seven-league boots
                  | {Rampage+∞}.
 67343 | Tomb:2   | 67343 ||| DROPPING +2 pair of boots.
 67344 | Tomb:2   | 67344 ||| READING scroll of acquirement.
 67344 | Tomb:2   | 67344 ||| ACQUIRING 891 gold pieces
 67344 | Tomb:2   | Acquired 891 gold pieces
 67450 | Tomb:1   | Noticed a royal mummy
 67450 | Tomb:1   | Noticed a royal mummy
 67450 | Tomb:1   | Noticed a royal mummy
 67450 | Tomb:1   | Noticed a royal mummy
 67450 | Tomb:1   | Noticed a royal mummy
 67451 | Tomb:1   | 67451 ||| INVOKING Summon Divine Warrior.
 67456 | Tomb:1   | 67456 ||| INVOKING Cleansing Flame.
 67456 | Tomb:1   | Noticed a royal mummy
 67460 | Tomb:1   | 67460 ||| INVOKING Cleansing Flame.
 67460 | Tomb:1   | Killed a royal mummy
 67460 | Tomb:1   | HP: 49/198 [something (14)]
 67461 | Tomb:1   | 67461 ||| READING 16 scrolls of teleportation.
 67462 | Tomb:1   | 67462 ||| DRINKING 3 potions of heal wounds.
 67846 | Tomb:1   | Noticed a royal mummy
 67847 | Tomb:1   | 67847 ||| INVOKING Cleansing Flame.
 67848 | Tomb:1   | 67848 ||| INVOKING Summon Divine Warrior.
 67852 | Tomb:1   | Killed a royal mummy
 67853 | Tomb:1   | 67853 ||| INVOKING Cleansing Flame.
 67854 | Tomb:1   | 67854 ||| INVOKING Cleansing Flame.
 67855 | Tomb:1   | 67855 ||| INVOKING Cleansing Flame.
 67856 | Tomb:1   | 67856 ||| INVOKING Cleansing Flame.
 67857 | Tomb:1   | 67857 ||| DRINKING 5 potions of magic.
 67858 | Tomb:1   | 67858 ||| INVOKING Cleansing Flame.
 67859 | Tomb:1   | 67859 ||| INVOKING Cleansing Flame.
 67859 | Tomb:1   | Killed a royal mummy
 67860 | Tomb:1   | 67860 ||| INVOKING Summon Divine Warrior.
 67863 | Tomb:1   | Killed a royal mummy
 67885 | Tomb:1   | 67885 ||| INVOKING Cleansing Flame.
 67885 | Tomb:1   | Killed a royal mummy
 67903 | Tomb:1   | 67903 ||| INVOKING Cleansing Flame.
 67914 | Tomb:1   | Killed a royal mummy
 68231 | Tomb:1   | Noticed a royal mummy
 68233 | Tomb:1   | 68233 ||| INVOKING Cleansing Flame.
 68235 | Tomb:1   | Killed a royal mummy
 68240 | Tomb:1   | Noticed a royal mummy
 68245 | Tomb:1   | Killed a royal mummy
 68318 | Tomb:1   | Noticed a royal mummy
 68319 | Tomb:1   | 68319 ||| INVOKING Summon Divine Warrior.
 68327 | Tomb:1   | Killed a royal mummy
 68328 | Tomb:1   | Noticed a royal mummy
 68330 | Tomb:1   | 68330 ||| INVOKING Summon Divine Warrior.
 68335 | Tomb:1   | Killed a royal mummy
 68397 | Tomb:1   | Noticed a royal mummy
 68402 | Tomb:1   | Noticed a royal mummy
 68404 | Tomb:1   | Killed a royal mummy
 68406 | Tomb:1   | Noticed a royal mummy
 68410 | Tomb:1   | Killed a royal mummy
 68412 | Tomb:1   | Killed a royal mummy
 68541 | Tomb:1   | Noticed a royal mummy
 68547 | Tomb:1   | Killed a royal mummy
 68555 | Tomb:1   | Noticed a royal mummy
 68559 | Tomb:1   | Killed a royal mummy
 68664 | Tomb:1   | Noticed a royal mummy
 68665 | Tomb:1   | 68665 ||| INVOKING Summon Divine Warrior.
 68672 | Tomb:1   | Killed a royal mummy
 68751 | Tomb:1   | 68751 ||| Stepping ~*~*~tactically~*~*~ (hiding).
 68753 | Tomb:1   | 68753 ||| INVOKING Summon Divine Warrior.
 68757 | Tomb:1   | 68757 ||| INVOKING Cleansing Flame.
 68758 | Tomb:1   | 68758 ||| INVOKING Cleansing Flame.
 68759 | Tomb:1   | 68759 ||| INVOKING Cleansing Flame.
 68759 | Tomb:1   | Noticed a royal mummy
 68760 | Tomb:1   | 68760 ||| INVOKING Cleansing Flame.
 68761 | Tomb:1   | 68761 ||| INVOKING Cleansing Flame.
 68762 | Tomb:1   | 68762 ||| DRINKING 4 potions of magic.
 68763 | Tomb:1   | 68763 ||| INVOKING Summon Divine Warrior.
 68763 | Tomb:1   | Identified the +0 tower shield "Jomyng" {rPois Str+5 Dex-5}
 68764 | Tomb:1   | Killed a royal mummy
 68770 | Tomb:1   | 68770 ||| INVOKING Cleansing Flame.
 68772 | Tomb:1   | 68772 ||| INVOKING Cleansing Flame.
 68777 | Tomb:1   | Killed a royal mummy
 69173 | Tomb:2   | Reached skill level 18 in Invocations
 69218 | Tomb:2   | 69218 ||| READING scroll of enchant armour.
 69218 | Tomb:2   | 69218 ||| ENCHANTING +5 crystal plate armour.
 69309 | Tomb:3   | Entered Level 3 of the Tomb of the Ancients
 69310 | Tomb:3   | 69310 ||| DRINKING 8 potions of haste.
 69311 | Tomb:3   | 69311 ||| DRINKING 12 potions of attraction.
 69322 | Tomb:3   | Noticed a royal mummy
 69322 | Tomb:3   | 69322 ||| INVOKING Summon Divine Warrior.
 69324 | Tomb:3   | Noticed a royal mummy
 69326 | Tomb:3   | Noticed a royal mummy
 69333 | Tomb:3   | 69333 ||| INVOKING Cleansing Flame.
 69334 | Tomb:3   | 69334 ||| INVOKING Cleansing Flame.
 69336 | Tomb:3   | 69336 ||| INVOKING Cleansing Flame.
 69337 | Tomb:3   | 69337 ||| INVOKING Cleansing Flame.
 69339 | Tomb:3   | 69339 ||| INVOKING Cleansing Flame.
 69341 | Tomb:3   | 69341 ||| INVOKING Cleansing Flame.
 69342 | Tomb:3   | Noticed a royal mummy
 69342 | Tomb:3   | 69342 ||| INVOKING Cleansing Flame.
 69343 | Tomb:3   | 69343 ||| INVOKING Cleansing Flame.
 69344 | Tomb:3   | 69344 ||| INVOKING Cleansing Flame.
 69344 | Tomb:3   | Killed a royal mummy
 69345 | Tomb:3   | 69345 ||| INVOKING Cleansing Flame.
 69345 | Tomb:3   | Killed a royal mummy
 69345 | Tomb:3   | Noticed a royal mummy
 69346 | Tomb:3   | 69346 ||| INVOKING Cleansing Flame.
 69346 | Tomb:3   | HP: 48/198 [torment (9)]
 69347 | Tomb:3   | 69347 ||| READING 15 scrolls of teleportation.
 69348 | Tomb:3   | 69348 ||| DRINKING 2 potions of heal wounds.
 69348 | Tomb:3   | Noticed a royal mummy
 69349 | Tomb:3   | 69349 ||| INVOKING Cleansing Flame.
 69349 | Tomb:3   | Killed a royal mummy
 69351 | Tomb:3   | 69351 ||| INVOKING Summon Divine Warrior.
 69354 | Tomb:3   | HP: 48/198 [royal mummy/divine providence (13)]
 69355 | Tomb:3   | 69355 ||| READING 14 scrolls of teleportation.
 69356 | Tomb:3   | 69356 ||| DRINKING potion of heal wounds.
 69357 | Tomb:3   | Killed a royal mummy
 69357 | Tomb:3   | Killed a royal mummy
 69363 | Tomb:3   | 69363 ||| INVOKING Summon Divine Warrior.
 69365 | Tomb:3   | 69365 ||| INVOKING Cleansing Flame.
 69365 | Tomb:3   | Noticed a royal mummy
 69366 | Tomb:3   | 69366 ||| INVOKING Cleansing Flame.
 69366 | Tomb:3   | HP: 48/198 [??? (9)]
 69367 | Tomb:3   | 69367 ||| READING 13 scrolls of teleportation.
 69370 | Tomb:3   | 69370 ||| INVOKING Cleansing Flame.
 69370 | Tomb:3   | Killed a royal mummy
 69378 | Tomb:3   | 69378 ||| READING 12 scrolls of teleportation.
 69379 | Tomb:3   | 69379 ||| INVOKING Cleansing Flame.
 69380 | Tomb:3   | HP: 34/198 [??? (6)]
 69381 | Tomb:3   | Noticed a royal mummy
 69381 | Tomb:3   | Noticed a royal mummy
 69382 | Tomb:3   | 69382 ||| READING 11 scrolls of teleportation.
 69383 | Tomb:3   | HP: 9/198 [royal mummy/divine providence (9)]
 69384 | Tomb:3   | 69384 ||| INVOKING Cleansing Flame.
 69385 | Tomb:3   | 69385 ||| READING 10 scrolls of teleportation.
 69385 | Tomb:3   | Killed from afar by a royal mummy

Levels and vault maps discovered:
D:1:      dpeg_arrival_triangle_fractal, layout_loops_ring
D:2:      layout_basic, serial_shops, nicolae_shop_trees
D:3:      layout_basic, nrook_campfire, kennysheep_crisscross, minmay_between,
          uniq_jessica, uniq_crazy_yiuf_cottage, uniq_terence
D:4:      layout_loops_ring, minmay_temple_entry_mini_moons
D:5:      layout_loops_ring, lightli_sewer_entry_pipes,
          kennysheep_pointless_box, grunt_ministairs_13
D:6:      layout_loops_corners, gammafunk_ghost_arena
D:7:      layout_loops_corners, kiku_gazebo_pond_becter, vehumet_statue
D:8:      layout_loops_ring, st_stairs_12, uniq_pikel
D:9:      layout_rooms, erik_lair_island, nicolae_diode_basic
D:10:     layout_cave_pools, david_orc_5, enter_bailey_4, grunt_livestock,
          st_stairs_14, nicolae_sextant
D:11:     layout_basic, serial_shops, shop, gammafunk_ghost_stat_death
D:12:     layout_stronghold, gauntlet_entry_generic
D:13:     layout_loops_corners
D:14:     layout_long_grid, lightli_vaults_fourway_checkpoint, enter_trove_0,
          minmay_crystal_room
D:15:     gammafunk_depths_entry_grave, layout_gridville, serial_glass,
          glass_columns_a, glass_columns_b, glass_columns_b, glass_columns_a,
          hangedman_decor_peaks_small, minivault_28
Temple:   mainiacjoe_temple_big_plus
Lair:1:   layout_cave_pods, gammafunk_ghost_hydra_chop
Lair:2:   nzn_winding_woodlands_three_and_one [nzn_winding_woodlands_5x15_eye,
          nzn_winding_woodlands_5x15_cabin, nzn_winding_woodlands_5x15_pockets,
          nzn_winding_woodlands_center_triple_pond], layout_hall_layers,
          special_room [special_room_bee], minivault_19, lemuel_fruit_tree,
          lemuel_fruit_fields, infiniplex_staircase_pool
Lair:3:   layout_regular_city, minmay_swamp_entry_reptiles,
          guppyfry_snake_entry_garden, basic_altar,
          hangedman_lair_unloving_vines
Lair:4:   layout_layer_cave, wad_woods_road_05, uniq_rupert, uniq_sonja
Lair:5:   due_jungle_book, layout_regular_city, minmay_slime_entry_pillars,
          chequers_serial_rivers_small_3
Swamp:1:  layout_falls_marsh, evilmike_swamp_ruin_house_3, swamp_pool4
Swamp:2:  layout_falls_marsh, hangedman_swamp_ruin_hall,
          nicolae_swamp_soggy_hallways
Swamp:3:  layout_falls_marsh, serial_swamp_ruin, evilmike_swamp_ruin_house_2,
          evilmike_swamp_ruin_house_5
Swamp:4:  swamp_fiery, layout_basic_swamp
Snake:1:  layout_concentric_octagons, uniq_donald, uniq_kirke
Snake:2:  layout_misc_corridors, serial_bayou_shore_b
Snake:3:  layout_misc_corridors, ebering_ghost_reflecting_pool
Snake:4:  hellmonk_snake_rune_quicksilver_temple, layout_cave_town,
          serial_shops, shop, grunt_ministairs_10, uniq_vashnia, uniq_agnes,
          uniq_mara
Slime:1:  layout_caves
Slime:2:  layout_caves, nicolae_slime_barrier,
          cheibrodos_slime_lost_civilization_5
Slime:3:  layout_caves, basic_altar
Slime:4:  layout_caves
Slime:5
Orc:1:    layout_caves, portal_ice_cave_entry_pillars_2, uniq_maurice,
          uniq_erolcha
Orc:2:    st_orc_elflike, layout_diamond_mine, gammafunk_ghost_necromancy
Vaults:1: grunt_vaults_funnel, hangedman_vaults_corner,
          nicolae_vaults_antechamber_and_loot_room, v_misc_31,
          vaults_mumra_minichess, nicolae_vaults_tangram_1,
          hangedman_vaults_impose, nicolae_vaults_two_Ls, ontoclasm_vaults_eye,
          nicolae_vaults_little_squares_5, layout_vaults_omnigrid
Vaults:2: nicolae_vaults_ring_of_whatevers, v_misc_19,
          nicolae_vaults_little_squares_3, nicolae_vaults_mini_display_case,
          nicolae_vaults_closet_pinwheel_1, vaults_room_grid,
          nicolae_vaults_heart-shaped_vault, ontoclasm_vaults_shuriken,
          nicolae_vaults_tetromino_Z_1, hangedman_vaults_variations,
          ontoclasm_vaults_chip, v_alt_pattern_2,
          nicolae_vaults_security_offices_1, layout_vaults_ring
Vaults:3: portal_desolation_entry_garden, nicolae_vaults_network_square,
          minmay_crypt_entry_skeletal_spiral, nicolae_vaults_little_squares_2,
          nicolae_vaults_big_angled_halls, hangedman_vaults_locks, v_misc_25,
          vaults_room_door_ring, nicolae_vaults_double_plus_1,
          layout_vaults_omnicross, uniq_frederick, uniq_nikola, uniq_margery
Vaults:4: ontoclasm_vaults_loading_screen, ontoclasm_vaults_gateway,
          nicolae_vaults_storage_closets_3, nicolae_vaults_tetromino_L_2,
          grunt_vaults_twisty, v_misc_25, nicolae_vaults_library_corner,
          v_alt_pattern_1, hangedman_vaults_cutoff, vaults_room_ringed_pool,
          nicolae_vaults_tetromino_L_1, nicolae_vaults_tetromino_L_2,
          nicolae_vaults_closet_pinwheel_4, dpeg_vaults_monster_row,
          layout_vaults_omnibox, uniq_saint_roka
Vaults:5
Crypt:1:  layout_regular_city, evilmike_ambush [evilmike_ambush_outer_corners,
          evilmike_ambush_inner_wall_1], uniq_josephina
Crypt:2:  cheibrodos_crypt_cold_storage, layout_misc_corridors, serial_glass,
          glass_columns_b, glass_columns_a, glass_columns_b, glass_columns_b,
          glass_columns_c, glass_columns_a, glass_columns_a, glass_columns_a,
          feat_on_display
Crypt:3:  due_elkab, layout_chaotic_city, uniq_khufu
Tomb:1
Tomb:2
Tomb:3
Depths:1: layout_cave_pools, enter_ziggurat_b, pan_entry, hell_entry,
          grunt_qazlal_clouds, nicolae_shop_self_help
Depths:2: kennysheep_green_arena, layout_basic, grunt_pan_entry_sceptre,
          serial_sigils_hangedman_shear, pf_vacation_house_of_asmodeus,
          abyss_entry, nemelex_diamond_rough_becter
Depths:3: lemuel_castle_with_subvaults [lemuel_castle_interior_carwin_1],
          layout_gridville, pan_entry, hell_entry, serial_shops,
          nicolae_shop_drivethru, solitary_fountain, abyss_entry_crystal,
          minmay_microvault
Depths:4: grunt_zot_entry_bicorn, layout_cave_pools, minmay_room_of_horrors,
          hell_entry, uniq_jory, uniq_sojobo, uniq_xtahua
Zot:1:    layout_basic
Zot:2:    layout_gridville, hangedman_zot_decor_unnerving_road,
          grunt_megastairs_5
Zot:3:    layout_gridlike, st_single_dragon_hoard_4
Zot:4:    layout_basic

Skill      XL: |  1  2  3  4  5  6  7  8  9 10 11 12 13 14 15 16 17 18 19 20 21 22 23 24 25 26 27 |
---------------+----------------------------------------------------------------------------------+-----
Axes           | 2 3 4 5 6 8 9 10 11 12 13 14 16 17 18 | 18.0
Throwing       | 1 2 3 5 6 7 8 9 10 11 12 13 15 | 15.0
Fighting       | 4 5 7 8 10 11 12 13 14 15 17 18 20 22 23 25 26 | 26.2
Dodging        | 1 2 3 4 5 6 8 9 |  9.5
Invocations    | 2 4 6 10 15 18 | 18.0
Armour         | 4 6 8 9 12 13 14 15 17 19 20 21 22 23 26 | 26.8
Shields        | 4 6 10 13 14 15 16 17 18 19 20 21 22 | 22.0

Action                     |  1- 3 |  4- 6 |  7- 9 | 10-12 | 13-15 | 16-18 | 19-21 | 22-24 | 25-27 || total
---------------------------+-------+-------+-------+-------+-------+-------+-------+-------+-------++-------
  Melee: War axe           |    86 |   133 |   308 |   289 |       |       |       |       |       ||   816
         Broad axe         |       |       |       |   278 |  1358 |  1079 |  1383 |  1597 |  1757 ||  7452
         Morningstar       |       |       |       |       |    31 |    46 |       |       |       ||    77
  Throw: Boomerang         |     8 |    14 |    36 |    82 |   173 |    49 |    21 |    13 |    17 ||   413
         Javelin           |       |    19 |    15 |     8 |    29 |    69 |   117 |   160 |   258 ||   675
 Invoke: Heroism           |       |       |    11 |    28 |    37 |    44 |    21 |    44 |    21 ||   206
         Finesse           |       |       |       |       |     4 |     3 |     7 |     8 |       ||    22
         Cleansing Flame   |       |       |       |       |       |       |       |       |    60 ||    60
         Summon Divine War |       |       |       |       |       |       |       |       |    21 ||    21
         Brand Weapon With |       |       |       |       |       |       |       |       |     1 ||     1
    Use: Scroll            |     2 |     9 |     3 |     8 |    13 |    10 |     2 |     3 |    20 ||    70
         Potion            |       |     3 |     1 |     1 |     2 |     4 |     2 |     1 |    20 ||    34
   Stab: Confused          |       |       |       |       |       |     2 |       |       |     1 ||     3
 Armour: Scale mail        |    40 |    41 |       |       |       |       |       |       |       ||    81
         Chain mail        |       |    13 |   186 |    67 |   173 |       |       |       |       ||   439
         Plate armour      |       |       |       |   363 |    66 |       |       |       |       ||   429
         Crystal plate arm |       |       |       |       |   426 |   652 |   499 |   658 |  1133 ||  3368
  Dodge: Dodged            |    25 |    64 |   117 |   199 |   430 |   407 |   344 |   603 |   811 ||  3000
  Block: Buckler           |     9 |    18 |    58 |    35 |       |       |       |       |       ||   120
         Kite shield       |       |       |       |    34 |       |       |       |       |       ||    34
         Tower shield      |       |       |       |   409 |  1260 |  1444 |  1036 |  1262 |  1822 ||  7233
         Reflection        |       |       |       |       |       |    73 |    16 |       |       ||    89

Table legend:
 A = Non-vault XP
 B = Vault XP
 C = Vault XP percentage of total XP
 D = Non-vault monster count
 E = Vault monster count
 F = Vault count percentage of total count
                 A         B        C        D         E       F
            +---------+---------+-------+---------+---------+-------
      Total |  800115 |  698516 |  46.6 |    1514 |     874 |  36.6
            +---------+---------+-------+---------+---------+-------
        D:1 |      46 |       0 |   0.0 |      27 |       0 |   0.0
        D:2 |      40 |       0 |   0.0 |      12 |       0 |   0.0
        D:3 |      31 |     104 |  77.0 |       9 |       6 |  40.0
        D:4 |     495 |      44 |   8.2 |      30 |       2 |   6.2
        D:5 |     413 |      88 |  17.6 |      15 |      10 |  40.0
        D:6 |     792 |       0 |   0.0 |      14 |       0 |   0.0
        D:7 |    1077 |      32 |   2.9 |      25 |       1 |   3.8
        D:8 |    2225 |     794 |  26.3 |      38 |       2 |   5.0
        D:9 |    1589 |     777 |  32.8 |      22 |       7 |  24.1
       D:10 |    2993 |    1850 |  38.2 |      21 |      35 |  62.5
       D:11 |    1794 |       0 |   0.0 |      18 |       0 |   0.0
       D:12 |    8777 |       0 |   0.0 |      27 |       0 |   0.0
       D:13 |    9116 |       0 |   0.0 |      26 |       0 |   0.0
       D:14 |    6336 |    8475 |  57.2 |      17 |      12 |  41.4
       D:15 |   13704 |   12615 |  47.9 |      25 |      20 |  44.4
     Lair:1 |    5441 |       0 |   0.0 |      18 |       0 |   0.0
     Lair:2 |    5455 |    5785 |  51.5 |      19 |      34 |  64.2
     Lair:3 |    6255 |    1380 |  18.1 |      19 |       6 |  24.0
     Lair:4 |    9011 |    2568 |  22.2 |      38 |       2 |   5.0
     Lair:5 |    6370 |   15157 |  70.4 |      19 |      32 |  62.7
    Swamp:1 |   12109 |       0 |   0.0 |      31 |       0 |   0.0
    Swamp:2 |    9947 |    4438 |  30.9 |      19 |       4 |  17.4
    Swamp:3 |   11525 |       0 |   0.0 |      20 |       0 |   0.0
    Swamp:4 |   11798 |   13993 |  54.3 |      27 |      28 |  50.9
    Snake:1 |    4602 |    3873 |  45.7 |       9 |       8 |  47.1
    Snake:2 |   20732 |       0 |   0.0 |      44 |       0 |   0.0
    Snake:3 |   25854 |       0 |   0.0 |      47 |       0 |   0.0
    Snake:4 |   20800 |   22246 |  51.7 |      42 |      25 |  37.3
    Slime:1 |    7420 |       0 |   0.0 |      12 |       0 |   0.0
    Slime:2 |    3185 |       0 |   0.0 |       4 |       0 |   0.0
    Slime:3 |    7172 |       0 |   0.0 |      16 |       0 |   0.0
    Slime:4 |     231 |       0 |   0.0 |       1 |       0 |   0.0
    Slime:5 |   14211 |   27563 |  66.0 |      20 |      19 |  48.7
      Orc:1 |    3470 |    1331 |  27.7 |      28 |       2 |   6.7
      Orc:2 |    5204 |    8235 |  61.3 |      38 |      25 |  39.7
   Vaults:1 |   38443 |   27567 |  41.8 |      59 |      34 |  36.6
   Vaults:2 |   28521 |   20406 |  41.7 |      40 |      24 |  37.5
   Vaults:3 |   28769 |   28878 |  50.1 |      37 |      35 |  48.6
   Vaults:4 |   26612 |   29094 |  52.2 |      34 |      43 |  55.8
   Vaults:5 |   35049 |   81267 |  69.9 |      48 |      71 |  59.7
    Crypt:1 |   29422 |   22587 |  43.4 |      49 |      26 |  34.7
    Crypt:2 |   25165 |    3718 |  12.9 |      38 |       7 |  15.6
    Crypt:3 |   15117 |   47362 |  75.8 |      24 |      65 |  73.0
     Tomb:1 |   16261 |  113483 |  87.5 |      30 |      69 |  69.7
     Tomb:2 |   14634 |   28658 |  66.2 |      42 |      52 |  55.3
     Tomb:3 |    6379 |   40859 |  86.5 |      16 |      47 |  74.6
   Depths:1 |   23744 |       0 |   0.0 |      28 |       0 |   0.0
   Depths:2 |   29185 |   20111 |  40.8 |      34 |      18 |  34.6
   Depths:3 |   30518 |   66129 |  68.4 |      35 |      54 |  60.7
   Depths:4 |   43730 |   27679 |  38.8 |      55 |      33 |  37.5
      Zot:1 |   37830 |       0 |   0.0 |      33 |       0 |   0.0
      Zot:2 |   46337 |    3386 |   6.8 |      41 |       2 |   4.7
      Zot:3 |   26085 |    2486 |   8.7 |      23 |       1 |   4.2
      Zot:4 |   58094 |       0 |   0.0 |      51 |       0 |   0.0
   Gauntlet |       0 |    3498 | 100.0 |       0 |      13 | 100.0
            +---------+---------+-------+---------+---------+-------
